Workbook
Name \: #REF!
Name \: #REF!
Name \0: '[1]#REF'!#REF!
Name \0: '[2]#REF'!#REF!
Name \1: '[1]#REF'!#REF!
Name \11200701: #REF!
Name \11200702: #REF!
Name \11200703: #REF!
Name \11200704: #REF!
Name \1200701: #REF!
Name \1200702: #REF!
Name \1200703: #REF!
Name \1200704: #REF!
Name \1200705: #REF!
Name \1200706: #REF!
Name \1200707: #REF!
Name \1200708: #REF!
Name \1200709: #REF!
Name \1200710: #REF!
Name \1200711: #REF!
Name \1200712: #REF!
Name \a: '[1]#REF'!#REF!
Name \a: '[2]#REF'!#REF!
Name \a1: '[1]#REF'!#REF!
Name __________________________pi2: #REF!
Name __________________________pi2: #REF!
Name _________________________pi2: #REF!
Name _________________________pi2: #REF!
Name ________________________PI1: #REF!
Name ________________________PI1: #REF!
Name _______________________PI1: #REF!
Name _______________________PI1: #REF!
Name _______________________pi2: #REF!
Name _______________________pi2: #REF!
Name ______________________PI1: #REF!
Name ______________________PI1: #REF!
Name ______________________pi2: #REF!
Name ______________________pi2: #REF!
Name _____________________PI1: #REF!
Name _____________________PI1: #REF!
Name _____________________pi2: #REF!
Name _____________________pi2: #REF!
Name ____________________PI1: #REF!
Name ____________________PI1: #REF!
Name ____________________pi2: #REF!
Name ____________________pi2: #REF!
Name ___________________PI1: #REF!
Name ___________________PI1: #REF!
Name ___________________pi2: #REF!
Name ___________________pi2: #REF!
Name __________________PI1: #REF!
Name __________________PI1: #REF!
Name __________________pi2: #REF!
Name __________________pi2: #REF!
Name _________________PI1: #REF!
Name _________________PI1: #REF!
Name _________________pi2: #REF!
Name _________________pi2: #REF!
Name ________________PI1: #REF!
Name ________________PI1: #REF!

Sheet ANEXO III
D2: PREFEITURA MUNICIPAL DE SÃO GONÇALO
D3: SECRETARIA MUNICIPAL DE DESENVOLVIMENTO URBANO
B5: OBRAS DE ESTABILIZAÇÃO DE TALUDES NO MUNICÍPIO DE SÃO GONÇALO - RJ
C7: OBRA: | D7: CONTENÇÃO NA RUA HENRIQUE BENTO ESPINOSA | H7: B.D.I. = 25%
C8: BAIRRO: | D8: PITA | H8: Io = maio/22
B9: ANEXO III - PLANILHA ORÇAMENTÁRIA
B10: ITEM | C10: CÓDIGO | D10: DESCRIÇÃO | E10: UNID. | F10: QUANT. | G10: UNITÁRIO | H10: TOTAL
C11: 1 | D11: SERVIÇOS PRELIMINARES
B12: 1.1 | C12: =VLOOKUP(B12,'ANEXO VI'!A:AG,2,FALSE) -> 02.006.0015-A | D12: =(VLOOKUP(B12,'ANEXO VI'!A:AG,4,FALSE)) -> ALUGUEL CONTAINER PARA ESCRITORIO C/WC,MEDINDO 2,20M LARGURA,6,20M COMPRIMENTO E 2,50M ALTURA,CHAPAS ACO C/NERVURAS TRAPEZOIDAIS,ISOLAMENTO TERMO-ACUSTICO FORRO,CHASSIS REFORCADO EPISO COMPENSADO NAVAL,INCL.INST.ELETRICA E HIDRO-SANITARIAS,ACESSORIOS,1 VASO SANITARIO E 1 LAVATORIO,EXCL.TRANSP.(VIDEITEM 04.005.0300),CARGA E DESCARGA(VIDE ITEM 04.013.0015) | E12: =VLOOKUP(C12,emop,3,FALSE) -> UNXMES | F12: =VLOOKUP(B12,'ANEXO VI'!A:AG,3,FALSE) -> 6 | G12: =VLOOKUP(C12,EMOP0522!A:B,2,FALSE)*1.25 -> 875 | H12: =G12*F12 -> 5250 | J12: =G18+G22+G28+G32+G40 -> 125226.19 | K12: =J12/G160 -> 0.036578326 | N12: 73847/001 | O12: ALUGUEL CONTAINER/ESCRIT/WC C/1 VASO/1 LAV/1 MIC/4 CHUV LARG 775,22 =2,20M COMPR=6,20M ALT=2,50M CHAPA ACO NERV TRAPEZ FORROC/ ISOL TERMO-ACUST CHASSIS REFORC PISO COMPENS NAVAL INCL INST ELETR/HIDRO-SANIT EXCL TRANSP/CARGA/DESCARGA | P12: mês | Q12: 775.22 | T12: =H12/$G$160 -> 0.0015335148 | U12: =IF(T12>=4%,"relevancia","falso") -> falso
B13: 1.4 | C13: =VLOOKUP(B13,'ANEXO VI'!A:AG,2,FALSE) -> 02.006.0050-A | D13: =(VLOOKUP(B13,'ANEXO VI'!A:AG,4,FALSE)) -> ALUGUEL DE BANHEIRO QUIMICO,PORTATIL,MEDINDO 2,31M ALTURA X1,56M LARGURA E 1,16M PROFUNDIDADE,INCLUSIVE INSTALACAO E RETIRADA DO EQUIPAMENTO,FORNECIMENTO DE QUIMICA DESODORIZANTE,BACTERICIDA E BACTERIOSTATICA,PAPEL HIGIENICO E VEICULO PROPRIO COM UNIDADE MOVEL DE SUCCAO PARA LIMPEZA | E13: =VLOOKUP(C13,emop,3,FALSE) -> UNXMES | F13: =VLOOKUP(B13,'ANEXO VI'!A:AG,3,FALSE) -> 6 | G13: =VLOOKUP(C13,EMOP0522!A:B,2,FALSE)*1.25 -> 1225 | H13: =G13*F13 -> 7350 | T13: =H13/$G$160 -> 0.0021469207 | U13: =IF(T13>=4%,"relevancia","falso") -> falso
B14: 1.5 | C14: =VLOOKUP(B14,'ANEXO VI'!A:AG,2,FALSE) -> 02.015.0001-A | D14: =(VLOOKUP(B14,'ANEXO VI'!A:AG,4,FALSE)) -> INSTALACAO E LIGACAO PROVISORIA PARA ABASTECIMENTO DE AGUA EESGOTAMENTO SANITARIO EM CANTEIRO DE OBRAS,INCLUSIVE ESCAVACAO,EXCLUSIVE REPOSICAO DA PAVIMENTACAO DO LOGRADOURO PUBLICO | E14: =VLOOKUP(C14,emop,3,FALSE) -> UN | F14: =VLOOKUP(B14,'ANEXO VI'!A:AG,3,FALSE) -> 1 | G14: =VLOOKUP(C14,EMOP0522!A:B,2,FALSE)*1.25 -> 5254.55 | H14: =G14*F14 -> 5254.55 | T14: =H14/$G$160 -> 0.0015348438 | U14: =IF(T14>=4%,"relevancia","falso") -> falso
B15: 1.6 | C15: =VLOOKUP(B15,'ANEXO VI'!A:AG,2,FALSE) -> 02.016.0001-A | D15: =(VLOOKUP(B15,'ANEXO VI'!A:AG,4,FALSE)) -> INSTALACAO E LIGACAO PROVISORIA DE ALIMENTACAO DE ENERGIA ELETRICA,EM BAIXA TENSAO,PARA CANTEIRO DE OBRAS,M3-CHAVE 100A,CARGA 3KW,20CV,EXCLUSIVE O FORNECIMENTO DO MEDIDOR | E15: =VLOOKUP(C15,emop,3,FALSE) -> UN | F15: =VLOOKUP(B15,'ANEXO VI'!A:AG,3,FALSE) -> 1 | G15: =VLOOKUP(C15,EMOP0522!A:B,2,FALSE)*1.25 -> 2807.125 | H15: =G15*F15 -> 2807.125 | N15: 73960/001 | O15: INSTAL/LIGACAO PROVISORIA ELETRICA BAIXA TENSAO P/CANT OBRA OBRA,M3-CHAVE 100A CARGA 3KWH,20CV EXCL FORN MEDIDOR | P15: UM | Q15: 1297.14 | T15: =H15/$G$160 -> 0.00081995574 | U15: =IF(T15>=4%,"relevancia","falso") -> falso
B16: 1.7 | C16: =VLOOKUP(B16,'ANEXO VI'!A:AG,2,FALSE) -> 02.020.0001-A | D16: =(VLOOKUP(B16,'ANEXO VI'!A:AG,4,FALSE)) -> PLACA DE IDENTIFICACAO DE OBRA PUBLICA,INCLUSIVE PINTURA E SUPORTES DE MADEIRA.FORNECIMENTO E COLOCACAO | E16: =VLOOKUP(C16,emop,3,FALSE) -> M2 | F16: =VLOOKUP(B16,'ANEXO VI'!A:AG,3,FALSE) -> 6 | G16: =VLOOKUP(C16,EMOP0522!A:B,2,FALSE)*1.25 -> 630.6125 | H16: =G16*F16 -> 3783.675 | N16: 74209/001 | O16: PLACA DE OBRA EM CHAPA DE ACO GALVANIZADO | P16: m2 | Q16: 380.27 | T16: =H16/$G$160 -> 0.0011052041 | U16: =IF(T16>=4%,"relevancia","falso") -> falso
B17: 1.8 | C17: =VLOOKUP(B17,'ANEXO VI'!A:AG,2,FALSE) -> 02.003.0001-B | D17: =(VLOOKUP(B17,'ANEXO VI'!A:AG,4,FALSE)) -> TAPUME DE VEDACAO OU PROTECAO,EXECUTADO COM TABUAS DE MADEIRA DE 3ª DE 1"X9" E 1"X12" PREGADAS EM PECAS DE MADEIRA DE 3ªDE 3"X3" VERTICAIS A CADA 1,50M,EXCLUSIVE PINTURA | E17: =VLOOKUP(C17,emop,3,FALSE) -> M2 | F17: =VLOOKUP(B17,'ANEXO VI'!A:AG,3,FALSE) -> 66 | G17: =VLOOKUP(C17,EMOP0522!A:B,2,FALSE)*1.25 -> 124.5 | H17: =G17*F17 -> 8217 | N17: 74209/001 | O17: PLACA DE OBRA EM CHAPA DE ACO GALVANIZADO | P17: m2 | Q17: 380.27 | T17: =H17/$G$160 -> 0.0024001697 | U17: =IF(T17>=4%,"relevancia","falso") -> falso
F18: Total de Serviços Preliminares : | G18: =SUM(H12:H17) -> 32662.35 | U18: =IF(T18>=4%,"relevancia","falso") -> falso
C19: 2 | D19: TOPOGRAFIA | U19: =IF(T19>=4%,"relevancia","falso") -> falso
B20: 2.1 | C20: =VLOOKUP(B20,'ANEXO VI'!A:AG,2,FALSE) -> 01.016.0070-A | D20: =(VLOOKUP(B20,'ANEXO VI'!A:AG,4,FALSE)) -> MOBILIZACAO E DESMOBILIZACAO DE EQUIPE E EQUIPAMENTO DE TOPOGRAFIA COM DESLOCAMENTO SUPERIOR A 20KM,MEDIDO POR KM EXCEDENTE,A PARTIR DA CIDADE DO RIO DE JANEIRO (KM 0 DA AV.BRASIL) | E20: =VLOOKUP(C20,emop,3,FALSE) -> KM | F20: =VLOOKUP(B20,'ANEXO VI'!A:AG,3,FALSE) -> 20 | G20: =VLOOKUP(C20,EMOP0522!A:B,2,FALSE)*1.25 -> 8.1625 | H20: =G20*F20 -> 163.25 | T20: =H20/$G$160 -> 4.7685007e-05 | U20: =IF(T20>=4%,"relevancia","falso") -> falso
B21: 2.2 | C21: =VLOOKUP(B21,'ANEXO VI'!A:AG,2,FALSE) -> 01.016.0080-A | D21: =(VLOOKUP(B21,'ANEXO VI'!A:AG,4,FALSE)) -> LEVANTAMENTO PLANIALTIMETRICO CADASTRAL DE AREA URBANA OU SUBURBANA,DESTINADA A REGULARIZACAO FUNDIARIA,PROJETOS VIARIOSE DE INFRAESTRUTURA,URBANIZACAO E ASSEMELHADOS,UTILIZANDO POLIGONAL III PAC,DESENHO NA ESCALA DE 1:250 A 1:100 EM AREASMEDIANAMENTE OCUPADAS(ATE 50% DAS QUADRAS)ATE 3000M2 | E21: =VLOOKUP(C21,emop,3,FALSE) -> UN | F21: =VLOOKUP(B21,'ANEXO VI'!A:AG,3,FALSE) -> 1 | G21: =VLOOKUP(C21,EMOP0522!A:B,2,FALSE)*1.25 -> 8307.0375 | H21: =G21*F21 -> 8307.0375 | T21: =H21/$G$160 -> 0.0024264695 | U21: =IF(T21>=4%,"relevancia","falso") -> falso
E22: Total de Topografia : | G22: =SUM(H20:H21) -> 8470.2875 | U22: =IF(T22>=4%,"relevancia","falso") -> falso
C23: 3 | D23: SONDAGEM | U23: =IF(T23>=4%,"relevancia","falso") -> falso
B24: 3.1 | C24: =VLOOKUP(B24,'ANEXO VI'!A:AG,2,FALSE) -> 01.003.0001-A | D24: =(VLOOKUP(B24,'ANEXO VI'!A:AG,4,FALSE)) -> SONDAGEM A PERCUSSAO,EM TERRENO COMUM,COM ENSAIO DE PENETRACAO,DIAMETRO 3",INCLUSIVE DESLOCAMENTO DENTRO DO CANTEIRO E INSTALACAO DA SONDA EM CADA FURO | E24: =VLOOKUP(C24,emop,3,FALSE) -> M | F24: =VLOOKUP(B24,'ANEXO VI'!A:AG,3,FALSE) -> 48 | G24: =VLOOKUP(C24,EMOP0522!A:B,2,FALSE)*1.25 -> 133.9375 | H24: =G24*F24 -> 6429 | T24: =H24/$G$160 -> 0.0018778984 | U24: =IF(T24>=4%,"relevancia","falso") -> falso
B25: 3.2 | C25: =VLOOKUP(B25,'ANEXO VI'!A:AG,2,FALSE) -> 01.004.0004-A | D25: =(VLOOKUP(B25,'ANEXO VI'!A:AG,4,FALSE)) -> SONDAGEM ROTATIVA COM COROA DE DIAMANTE,EM ALTERACAO DE ROCHA,DIAMETRO NWG(75MM),INCLUSIVE DESLOCAMENTO DENTRO DO CANTEIRO E INSTALACAO DA SONDA EM CADA FURO | E25: =VLOOKUP(C25,emop,3,FALSE) -> M | F25: =VLOOKUP(B25,'ANEXO VI'!A:AG,3,FALSE) -> 20 | G25: =VLOOKUP(C25,EMOP0522!A:B,2,FALSE)*1.25 -> 579.9 | H25: =G25*F25 -> 11598 | T25: =H25/$G$160 -> 0.0033877532 | U25: =IF(T25>=4%,"relevancia","falso") -> falso
B26: 3.3 | C26: =VLOOKUP(B26,'ANEXO VI'!A:AG,2,FALSE) -> 01.004.0015-A | D26: =(VLOOKUP(B26,'ANEXO VI'!A:AG,4,FALSE)) -> SONDAGEM ROTATIVA COM COROA DE DIAMANTE,EM ROCHA SA,DIAMETRONWG(75MM),INCLUSIVE DESLOCAMENTO DENTRO DO CANTEIRO E INSTALACAO DA SONDA EM CADA FURO | E26: =VLOOKUP(C26,emop,3,FALSE) -> M | F26: =VLOOKUP(B26,'ANEXO VI'!A:AG,3,FALSE) -> 20 | G26: =VLOOKUP(C26,EMOP0522!A:B,2,FALSE)*1.25 -> 973.5 | H26: =G26*F26 -> 19470 | T26: =H26/$G$160 -> 0.005687149 | U26: =IF(T26>=4%,"relevancia","falso") -> falso
B27: 3.4 | C27: =VLOOKUP(B27,'ANEXO VI'!A:AG,2,FALSE) -> 01.009.0050-A | D27: =(VLOOKUP(B27,'ANEXO VI'!A:AG,4,FALSE)) -> MOBILIZACAO E DESMOBILIZACAO DE EQUIPAMENTO E EQUIPE DE SONDAGEM E PERFURACAO ROTATIVA,COM TRANSPORTE ATE 50KM | E27: =VLOOKUP(C27,emop,3,FALSE) -> UN | F27: =VLOOKUP(B27,'ANEXO VI'!A:AG,3,FALSE) -> 1 | G27: =VLOOKUP(C27,EMOP0522!A:B,2,FALSE)*1.25 -> 12798.725 | H27: =G27*F27 -> 12798.725 | N27: 72733 | O27: MOBILIZACAO E DESMOBILIZACAO DE EQUIPAMENTO DE SONDAGEM A PERCUSSAO | P27: UN | Q27: 484.63 | T27: =H27/$G$160 -> 0.0037384826 | U27: =IF(T27>=4%,"relevancia","falso") -> falso
F28: Total de Sondagem : | G28: =SUM(H24:H27) -> 50295.725 | U28: =IF(T28>=4%,"relevancia","falso") -> falso
C29: 4 | D29: SINALIZAÇÃO | U29: =IF(T29>=4%,"relevancia","falso") -> falso
B30: 4.1 | C30: =VLOOKUP(B30,'ANEXO VI'!A:AG,2,FALSE) -> 02.020.0005-A | D30: =(VLOOKUP(B30,'ANEXO VI'!A:AG,4,FALSE)) -> BARRAGEM DE BLOQUEIO DE OBRA NA VIA PUBLICA,DE ACORDO COM ARESOLUCAO DA PREFEITURA-RJ,COMPREENDENDO FORNECIMENTO,COLOCACAO E PINTURA DOS SUPORTES DE MADEIRA COM REAPROVEITAMENTO DO CONJUNTO 40 (QUARENTA) VEZES | E30: =VLOOKUP(C30,emop,3,FALSE) -> M | F30: =VLOOKUP(B30,'ANEXO VI'!A:AG,3,FALSE) -> 12 | G30: =VLOOKUP(C30,EMOP0522!A:B,2,FALSE)*1.25 -> 4.1375 | H30: =G30*F30 -> 49.65 | T30: =H30/$G$160 -> 1.4502668e-05 | U30: =IF(T30>=4%,"relevancia","falso") -> falso
B31: 4.2 | C31: =VLOOKUP(B31,'ANEXO VI'!A:AG,2,FALSE) -> 02.030.0005-A | D31: =(VLOOKUP(B31,'ANEXO VI'!A:AG,4,FALSE)) -> PLACA DE SINALIZACAO PREVENTIVA PARA OBRA NA VIA PUBLICA,DEACORDO COM A RESOLUCAO DA PREFEITURA-RJ, COMPREENDENDO FORNECIMENTO E PINTURA DA PLACA E DOS SUPORTES DE MADEIRA.FORNECIMENTO E COLOCACAO | E31: =VLOOKUP(C31,emop,3,FALSE) -> UN | F31: =VLOOKUP(B31,'ANEXO VI'!A:AG,3,FALSE) -> 30 | G31: =VLOOKUP(C31,EMOP0522!A:B,2,FALSE)*1.25 -> 112.3125 | H31: =G31*F31 -> 3369.375 | T31: =H31/$G$160 -> 0.00098418787 | U31: =IF(T31>=4%,"relevancia","falso") -> falso
E32: Total de Sinalização : | G32: =SUM(H30:H31) -> 3419.025 | U32: =IF(T32>=4%,"relevancia","falso") -> falso
C33: 5 | D33: LIMPEZA DO TERRENO | U33: =IF(T33>=4%,"relevancia","falso") -> falso
B34: 5.1 | C34: =VLOOKUP(B34,'ANEXO VI'!A:AG,2,FALSE) -> 01.005.0004-A | D34: =(VLOOKUP(B34,'ANEXO VI'!A:AG,4,FALSE)) -> PREPARO MANUAL DE TERRENO,COMPREENDENDO ACERTO,RASPAGEM EVENTUAL ATE 0.30M DE PROFUNDIDADE E AFASTAMENTO LATERAL DO MATERIAL EXCEDENTE,INCLUSIVE COMPACTACAO MANUAL | E34: =VLOOKUP(C34,emop,3,FALSE) -> M2 | F34: =VLOOKUP(B34,'ANEXO VI'!A:AG,3,FALSE) -> 292.25 | G34: =VLOOKUP(C34,EMOP0522!A:B,2,FALSE)*1.25 -> 19.5625 | H34: =G34*F34 -> 5717.1406 | T34: =H34/$G$160 -> 0.0016699656 | U34: =IF(T34>=4%,"relevancia","falso") -> falso
B35: 5.2 | C35: =VLOOKUP(B35,'ANEXO VI'!A:AG,2,FALSE) -> 01.005.0005-A | D35: =(VLOOKUP(B35,'ANEXO VI'!A:AG,4,FALSE)) -> ROCADO EM VEGETACAO ESPESSA,COM EMPILHAMENTO LATERAL E QUEIMA DOS RESIDUOS | E35: =VLOOKUP(C35,emop,3,FALSE) -> M2 | F35: =VLOOKUP(B35,'ANEXO VI'!A:AG,3,FALSE) -> 87.675 | G35: =VLOOKUP(C35,EMOP0522!A:B,2,FALSE)*1.25 -> 1.1625 | H35: =G35*F35 -> 101.92219 | N35: 73903/001 | O35: LIMPEZA SUPERFICIAL DA CAMADA VEGETAL EM JAZIDA | P35: M2 | Q35: 0.49 | T35: =H35/$G$160 -> 2.9771272e-05 | U35: =IF(T35>=4%,"relevancia","falso") -> falso
B36: 5.3 | C36: =VLOOKUP(B36,'ANEXO VI'!A:AG,2,FALSE) -> 04.005.0124-A | D36: =(VLOOKUP(B36,'ANEXO VI'!A:AG,4,FALSE)) -> TRANSPORTE DE CARGA DE QUALQUER NATUREZA,EXCLUSIVE AS DESPESAS DE CARGA E DESCARGA,TANTO DE ESPERA DO CAMINHAO COMO DO SERVENTE OU EQUIPAMENTO AUXILIAR,A VELOCIDADE MEDIA DE 25KM/H,EM CAMINHAO BASCULANTE A OLEO DIESEL,COM CAPACIDADE UTIL DE8T | E36: =VLOOKUP(C36,emop,3,FALSE) -> T X KM | F36: =VLOOKUP(B36,'ANEXO VI'!A:AG,3,FALSE) -> 2979.3477 | G36: =VLOOKUP(C36,EMOP0522!A:B,2,FALSE)*1.25 -> 2.4625 | H36: =G36*F36 -> 7336.6438 | T36: =H36/$G$160 -> 0.0021430194 | U36: =IF(T36>=4%,"relevancia","falso") -> falso
B37: 5.4 | C37: =VLOOKUP(B37,'ANEXO VI'!A:AG,2,FALSE) -> 04.006.0008-1 | D37: =(VLOOKUP(B37,'ANEXO VI'!A:AG,4,FALSE)) -> CARGA MANUAL E DESCARGA MECANICA DE MATERIAL A GRANEL(AGREGADOS,PEDRA-DE-MAO,PARALELOS,TERRA E ESCOMBROS),COMPREENDENDOOS TEMPOS PARA CARGA,DESCARGA E MANOBRAS DO CAMINHAO BASCULANTE A OLEO DIESEL,COM CAPACIDADE UTIL DE 8T,EMPREGANDO 2 SERVENTES NA CARGA | E37: =VLOOKUP(C37,emop,3,FALSE) -> T | F37: =VLOOKUP(B37,'ANEXO VI'!A:AG,3,FALSE) -> 149.0475 | G37: =VLOOKUP(C37,EMOP0522!A:B,2,FALSE)*1.25 -> 45.5125 | H37: =G37*F37 -> 6783.5243 | T37: =H37/$G$160 -> 0.0019814542 | U37: =IF(T37>=4%,"relevancia","falso") -> falso
B38: 5.5 | C38: =VLOOKUP(B38,'ANEXO VI'!A:AG,2,FALSE) -> 05.001.0173-A | D38: =(VLOOKUP(B38,'ANEXO VI'!A:AG,4,FALSE)) -> TRANSPORTE HORIZONTAL DE MATERIAL DE 1ªCATEGORIA OU ENTULHO,EM CARRINHOS,A 60,00M DE DISTANCIA,INCLUSIVE CARGA A PA | E38: =VLOOKUP(C38,emop,3,FALSE) -> M3 | F38: =VLOOKUP(B38,'ANEXO VI'!A:AG,3,FALSE) -> 113.9775 | G38: =VLOOKUP(C38,EMOP0522!A:B,2,FALSE)*1.25 -> 45.9875 | H38: =G38*F38 -> 5241.5403 | T38: =H38/$G$160 -> 0.0015310437 | U38: =IF(T38>=4%,"relevancia","falso") -> falso
B39: 5.6 | C39: =VLOOKUP(B39,'ANEXO VI'!A:AG,2,FALSE) -> 05.001.0186-A | D39: =(VLOOKUP(B39,'ANEXO VI'!A:AG,4,FALSE)) -> TRANSPORTE DE MATERIAIS ENCOSTA ABAIXO,SERVICO INTEIRAMENTEMANUAL,INCLUSIVE CARGA E DESCARGA | E39: =VLOOKUP(C39,emop,3,FALSE) -> TXM | F39: =VLOOKUP(B39,'ANEXO VI'!A:AG,3,FALSE) -> 4471.425 | G39: =VLOOKUP(C39,EMOP0522!A:B,2,FALSE)*1.25 -> 1.1625 | H39: =G39*F39 -> 5198.0316 | T39: =H39/$G$160 -> 0.0015183349 | U39: =IF(T39>=4%,"relevancia","falso") -> falso
E40: Total da Limpeza do Terreno : | G40: =SUM(H34:H39) -> 30378.803 | U40: =IF(T40>=4%,"relevancia","falso") -> falso
C41: 6 | D41: DRENAGEM | U41: =IF(T41>=4%,"relevancia","falso") -> falso
B42: 6.1 | C42: =VLOOKUP(B42,'ANEXO VI'!A:AG,2,FALSE) -> 03.001.0001-B | D42: =(VLOOKUP(B42,'ANEXO VI'!A:AG,4,FALSE)) -> ESCAVACAO MANUAL DE VALA/CAVA EM MATERIAL DE 1ª CATEGORIA (A(AREIA,ARGILA OU PICARRA),ATE 1,50M DE PROFUNDIDADE,EXCLUSIVE ESCORAMENTO E ESGOTAMENTO | E42: =VLOOKUP(C42,emop,3,FALSE) -> M3 | F42: =VLOOKUP(B42,'ANEXO VI'!A:AG,3,FALSE) -> 219.2805 | G42: =VLOOKUP(C42,EMOP0522!A:B,2,FALSE)*1.25 -> 66.5375 | H42: =G42*F42 -> 14590.376 | N42: 73965/010 | O42: ESCAVACAO MANUAL DE VALA EM MATERIAL DE 1A CATEGORIA ATE 1,5M EXCLUIN DO ESGOTAMENTO / ESCORAMENTO | P42: M3 | Q42: 36.24 | T42: =H42/$G$160 -> 0.0042618205 | U42: =IF(T42>=4%,"relevancia","falso") -> falso
B43: 6.2 | C43: =VLOOKUP(B43,'ANEXO VI'!A:AG,2,FALSE) -> 04.005.0124-A | D43: =(VLOOKUP(B43,'ANEXO VI'!A:AG,4,FALSE)) -> TRANSPORTE DE CARGA DE QUALQUER NATUREZA,EXCLUSIVE AS DESPESAS DE CARGA E DESCARGA,TANTO DE ESPERA DO CAMINHAO COMO DO SERVENTE OU EQUIPAMENTO AUXILIAR,A VELOCIDADE MEDIA DE 25KM/H,EM CAMINHAO BASCULANTE A OLEO DIESEL,COM CAPACIDADE UTIL DE8T | E43: =VLOOKUP(C43,emop,3,FALSE) -> T X KM | F43: =VLOOKUP(B43,'ANEXO VI'!A:AG,3,FALSE) -> 9692.1981 | G43: =VLOOKUP(C43,EMOP0522!A:B,2,FALSE)*1.25 -> 2.4625 | H43: =G43*F43 -> 23867.038 | T43: =H43/$G$160 -> 0.0069715152 | U43: =IF(T43>=4%,"relevancia","falso") -> falso
B44: 6.3 | C44: =VLOOKUP(B44,'ANEXO VI'!A:AG,2,FALSE) -> 04.006.0008-B | D44: =(VLOOKUP(B44,'ANEXO VI'!A:AG,4,FALSE)) -> CARGA MANUAL E DESCARGA MECANICA DE MATERIAL A GRANEL(AGREGADOS,PEDRA-DE-MAO,PARALELOS,TERRA E ESCOMBROS),COMPREENDENDOOS TEMPOS PARA CARGA,DESCARGA E MANOBRAS DO CAMINHAO BASCULANTE A OLEO DIESEL,COM CAPACIDADE UTIL DE 8T,EMPREGANDO 2 SERVENTES NA CARGA | E44: =VLOOKUP(C44,emop,3,FALSE) -> T | F44: =VLOOKUP(B44,'ANEXO VI'!A:AG,3,FALSE) -> 484.6099 | G44: =VLOOKUP(C44,EMOP0522!A:B,2,FALSE)*1.25 -> 41.7125 | H44: =G44*F44 -> 20214.291 | T44: =H44/$G$160 -> 0.0059045549 | U44: =IF(T44>=4%,"relevancia","falso") -> falso
B45: 6.4 | C45: =VLOOKUP(B45,'ANEXO VI'!A:AG,2,FALSE) -> 05.001.0173-A | D45: =(VLOOKUP(B45,'ANEXO VI'!A:AG,4,FALSE)) -> TRANSPORTE HORIZONTAL DE MATERIAL DE 1ªCATEGORIA OU ENTULHO,EM CARRINHOS,A 60,00M DE DISTANCIA,INCLUSIVE CARGA A PA | E45: =VLOOKUP(C45,emop,3,FALSE) -> M3 | F45: =VLOOKUP(B45,'ANEXO VI'!A:AG,3,FALSE) -> 285.06465 | G45: =VLOOKUP(C45,EMOP0522!A:B,2,FALSE)*1.25 -> 45.9875 | H45: =G45*F45 -> 13109.411 | T45: =H45/$G$160 -> 0.0038292333 | U45: =IF(T45>=4%,"relevancia","falso") -> falso
B46: 6.5 | C46: =VLOOKUP(B46,'ANEXO VI'!A:AG,2,FALSE) -> 05.001.0186-A | D46: =(VLOOKUP(B46,'ANEXO VI'!A:AG,4,FALSE)) -> TRANSPORTE DE MATERIAIS ENCOSTA ABAIXO,SERVICO INTEIRAMENTEMANUAL,INCLUSIVE CARGA E DESCARGA | E46: =VLOOKUP(C46,emop,3,FALSE) -> TXM | F46: =VLOOKUP(B46,'ANEXO VI'!A:AG,3,FALSE) -> 14538.297 | G46: =VLOOKUP(C46,EMOP0522!A:B,2,FALSE)*1.25 -> 1.1625 | H46: =G46*F46 -> 16900.77 | T46: =H46/$G$160 -> 0.0049366821 | U46: =IF(T46>=4%,"relevancia","falso") -> falso
B47: 6.6 | C47: =VLOOKUP(B47,'ANEXO VI'!A:AG,2,FALSE) -> 11.003.0005-B | D47: =(VLOOKUP(B47,'ANEXO VI'!A:AG,4,FALSE)) -> CONCRETO DOSADO RACIONALMENTE PARA UMA RESISTENCIA CARACTERISTICA A COMPRESSAO DE 25MPA,INCLUSIVE MATERIAIS,TRANSPORTE,PREPARO COM BETONEIRA,LANCAMENTO E ADENSAMENTO | E47: =VLOOKUP(C47,emop,3,FALSE) -> M3 | F47: =VLOOKUP(B47,'ANEXO VI'!A:AG,3,FALSE) -> 113.19375 | G47: =VLOOKUP(C47,EMOP0522!A:B,2,FALSE)*1.25 -> 741.225 | H47: =G47*F47 -> 83902.037 | T47: =H47/$G$160 -> 0.024507622 | U47: =IF(T47>=4%,"relevancia","falso") -> falso
B48: 6.7 | C48: =VLOOKUP(B48,'ANEXO VI'!A:AG,2,FALSE) -> 11.005.0015-A | D48: =(VLOOKUP(B48,'ANEXO VI'!A:AG,4,FALSE)) -> FORMAS DE CHAPAS DE MADEIRA COMPENSADA,DE 20MM DE ESPESSURA,PLASTIFICADAS,SERVINDO 2 VEZES,E MADEIRA AUXILIAR SERVINDO 3VEZES,INCLUSIVE FORNECIMENTO E DESMOLDAGEM,EXCLUSIVE ESCORAMENTO | E48: =VLOOKUP(C48,emop,3,FALSE) -> M2 | F48: =VLOOKUP(B48,'ANEXO VI'!A:AG,3,FALSE) -> 729.48 | G48: =VLOOKUP(C48,EMOP0522!A:B,2,FALSE)*1.25 -> 141.3125 | H48: =G48*F48 -> 103084.64 | T48: =H48/$G$160 -> 0.030110823 | U48: =IF(T48>=4%,"relevancia","falso") -> falso
B49: 6.8 | C49: =VLOOKUP(B49,'ANEXO VI'!A:AG,2,FALSE) -> 11.009.0013-A | D49: =(VLOOKUP(B49,'ANEXO VI'!A:AG,4,FALSE)) -> BARRA DE ACO CA-50,COM SALIENCIA OU MOSSA,COEFICIENTE DE CONFORMACAO SUPERFICIAL MINIMO (ADERENCIA) IGUAL A 1,5,DIAMETRODE 6,3MM,DESTINADA A ARMADURA DE CONCRETO ARMADO,10% DE PERDAS DE PONTAS E ARAME 18.FORNECIMENTO | E49: =VLOOKUP(C49,emop,3,FALSE) -> KG | F49: =VLOOKUP(B49,'ANEXO VI'!A:AG,3,FALSE) -> 1307.8 | G49: =VLOOKUP(C49,EMOP0522!A:B,2,FALSE)*1.25 -> 11.1875 | H49: =G49*F49 -> 14631.012 | M49: =G49+#REF! -> #REF! | N49: 74254/002 | O49: ARMACAO ACO CA-50, DIAM. 6,3 (1/4) À 12,5MM(1/2) -FORNECIMENTO/ CORTE / DOBRA / COLOCAÇÃO. | P49: ( KG 6,87 PERDA DE 10%) | T49: =H49/$G$160 -> 0.0042736902 | U49: =IF(T49>=4%,"relevancia","falso") -> falso
B50: 6.9 | C50: =VLOOKUP(B50,'ANEXO VI'!A:AG,2,FALSE) -> 11.009.0014-B | D50: =(VLOOKUP(B50,'ANEXO VI'!A:AG,4,FALSE)) -> BARRA DE ACO CA-50,COM SALIENCIA OU MOSSA,COEFICIENTE DE CONFORMACAO SUPERFICIAL MINIMO (ADERENCIA) IGUAL A 1,5,DIAMETRODE 8 A 12,5MM,DESTINADA A ARMADURA DE CONCRETO ARMADO,10%DE PERDAS DE PONTAS E ARAME 18.FORNECIMENTO | E50: =VLOOKUP(C50,emop,3,FALSE) -> KG | F50: =VLOOKUP(B50,'ANEXO VI'!A:AG,3,FALSE) -> 1865 | G50: =VLOOKUP(C50,EMOP0522!A:B,2,FALSE)*1.25 -> 10.7875 | H50: =G50*F50 -> 20118.688 | T50: =H50/$G$160 -> 0.0058766294 | U50: =IF(T50>=4%,"relevancia","falso") -> falso
B51: 6.10 | C51: =VLOOKUP(B51,'ANEXO VI'!A:AG,2,FALSE) -> 11.011.0029-A | D51: =(VLOOKUP(B51,'ANEXO VI'!A:AG,4,FALSE)) -> CORTE,DOBRAGEM,MONTAGEM E COLOCACAO DE FERRAGENS NAS FORMAS,ACO CA-50,EM BARRAS REDONDAS,COM DIAMETRO IGUAL A 6,3MM | E51: =VLOOKUP(C51,emop,3,FALSE) -> KG | F51: =VLOOKUP(B51,'ANEXO VI'!A:AG,3,FALSE) -> 1307.8 | G51: =VLOOKUP(C51,EMOP0522!A:B,2,FALSE)*1.25 -> 5.5875 | H51: =G51*F51 -> 7307.3325 | T51: =H51/$G$160 -> 0.0021344576 | U51: =IF(T51>=4%,"relevancia","falso") -> falso
B52: 6.11 | C52: =VLOOKUP(B52,'ANEXO VI'!A:AG,2,FALSE) -> 11.011.0030-B | D52: =(VLOOKUP(B52,'ANEXO VI'!A:AG,4,FALSE)) -> CORTE,DOBRAGEM,MONTAGEM E COLOCACAO DE FERRAGENS NAS FORMAS,ACO CA-50,EM BARRAS REDONDAS,COM DIAMETRO DE 8 A 12,5MM | E52: =VLOOKUP(C52,emop,3,FALSE) -> KG | F52: =VLOOKUP(B52,'ANEXO VI'!A:AG,3,FALSE) -> 1865 | G52: =VLOOKUP(C52,EMOP0522!A:B,2,FALSE)*1.25 -> 4.8875 | H52: =G52*F52 -> 9115.1875 | T52: =H52/$G$160 -> 0.0026625285 | U52: =IF(T52>=4%,"relevancia","falso") -> falso
B53: 6.12 | C53: =VLOOKUP(B53,'ANEXO VI'!A:AG,2,FALSE) -> 05.001.0185-A | D53: =(VLOOKUP(B53,'ANEXO VI'!A:AG,4,FALSE)) -> TRANSPORTE DE MATERIAIS ENCOSTA ACIMA,SERVICO INTEIRAMENTE MANUAL,INCLUSIVE CARGA E DESCARGA | E53: =VLOOKUP(C53,emop,3,FALSE) -> TXM | F53: =VLOOKUP(B53,'ANEXO VI'!A:AG,3,FALSE) -> 18449.295 | G53: =VLOOKUP(C53,EMOP0522!A:B,2,FALSE)*1.25 -> 1.75 | H53: =G53*F53 -> 32286.266 | T53: =H53/$G$160 -> 0.0094307554 | U53: =IF(T53>=4%,"relevancia","falso") -> falso
B54: 6.13 | C54: =VLOOKUP(B54,'ANEXO VI'!A:AG,2,FALSE) -> 03.025.0033-A | D54: =(VLOOKUP(B54,'ANEXO VI'!A:AG,4,FALSE)) -> ESPALHAMENTO DE MATERIAL DE 1ª CATEGORIA E ATERROS,COM TRATOR DE LAMINA COM POTENCIA EM TORNO DE 80CV.MEDIDO PELO VOLUMESOLTO | E54: =VLOOKUP(C54,emop,3,FALSE) -> M3 | F54: =VLOOKUP(B54,'ANEXO VI'!A:AG,3,FALSE) -> 285.06465 | G54: =VLOOKUP(C54,EMOP0522!A:B,2,FALSE)*1.25 -> 4.4125 | H54: =G54*F54 -> 1257.8478 | T54: =H54/$G$160 -> 0.00036741488 | U54: =IF(T54>=4%,"relevancia","falso") -> falso
B55: 6.14 | C55: =VLOOKUP(B55,'ANEXO VI'!A:AG,2,FALSE) -> 10.003.0025-A | D55: =(VLOOKUP(B55,'ANEXO VI'!A:AG,4,FALSE)) -> ESTACA RAIZ COM DIAMETRO DE 6" PARA CARGA DE 35T,INJECAO DEARGAMASSA DE CIMENTO E AREIA,COM 450 A 500KG DE CIMENTO PORM3,INCLUSIVE FORNECIMENTO DOS MATERIAIS(CIMENTO,AREIA E ACO),EXCLUSIVE PERFURACAO | E55: =VLOOKUP(C55,emop,3,FALSE) -> M | F55: =VLOOKUP(B55,'ANEXO VI'!A:D,3,FALSE) -> 120 | G55: =VLOOKUP(C55,EMOP0522!A:B,2,FALSE)*1.25 -> 153.725 | H55: =G55*F55 -> 18447 | M55: =G55+#REF! -> #REF! | N55: 74254/002 | O55: ARMACAO ACO CA-50, DIAM. 6,3 (1/4) À 12,5MM(1/2) -FORNECIMENTO/ CORTE / DOBRA / COLOCAÇÃO. | P55: ( KG 6,87 PERDA DE 10%) | T55: =H55/$G$160 -> 0.0053883327 | U55: =IF(T55>=4%,"relevancia","falso") -> falso
B56: 6.15 | C56: =VLOOKUP(B56,'ANEXO VI'!A:AG,2,FALSE) -> 01.002.0041-A | D56: =(VLOOKUP(B56,'ANEXO VI'!A:AG,4,FALSE)) -> PERFURACAO ROTATIVA COM COROA DE WIDIA,EM SOLO,DIAMETRO 6",VERTICAL,INCLUSIVE DESLOCAMENTO DENTRO DO CANTEIRO E INSTALACAO DA SONDA EM CADA FURO | E56: =VLOOKUP(C56,emop,3,FALSE) -> M | F56: =VLOOKUP(B56,'ANEXO VI'!A:AG,3,FALSE) -> 40 | G56: =VLOOKUP(C56,EMOP0522!A:B,2,FALSE)*1.25 -> 209.025 | H56: =G56*F56 -> 8361 | T56: =H56/$G$160 -> 0.0024422318 | U56: =IF(T56>=4%,"relevancia","falso") -> falso
B57: 6.16 | C57: =VLOOKUP(B57,'ANEXO VI'!A:AG,2,FALSE) -> 01.002.0080-A | D57: =(VLOOKUP(B57,'ANEXO VI'!A:AG,4,FALSE)) -> PERFURACAO ROTATIVA COM COROA DE WIDIA,EM ROCHA SA,DIAMETRO6",VERTICAL,INCLUSIVE DESLOCAMENTO DENTRO DO CANTEIRO E INSTALACAO DA SONDA EM CADA FURO | E57: =VLOOKUP(C57,emop,3,FALSE) -> M | F57: =VLOOKUP(B57,'ANEXO VI'!A:AG,3,FALSE) -> 40 | G57: =VLOOKUP(C57,EMOP0522!A:B,2,FALSE)*1.25 -> 592.8625 | H57: =G57*F57 -> 23714.5 | T57: =H57/$G$160 -> 0.0069269592 | U57: =IF(T57>=4%,"relevancia","falso") -> falso
B58: 6.17 | C58: =VLOOKUP(B58,'ANEXO VI'!A:AG,2,FALSE) -> 01.002.0065-A | D58: =(VLOOKUP(B58,'ANEXO VI'!A:AG,4,FALSE)) -> PERFURACAO ROTATIVA COM COROA DE WIDIA,EM ALTERACAO DE ROCHA,DIAMETRO 6",VERTICAL,INCLUSIVE DESLOCAMENTO DENTRO DO CANTEIRO E INSTALACAO DA SONDA EM CADA FURO | E58: =VLOOKUP(C58,emop,3,FALSE) -> M | F58: =VLOOKUP(B58,'ANEXO VI'!A:AG,3,FALSE) -> 40 | G58: =VLOOKUP(C58,EMOP0522!A:B,2,FALSE)*1.25 -> 293.1625 | H58: =G58*F58 -> 11726.5 | T58: =H58/$G$160 -> 0.0034252878 | U58: =IF(T58>=4%,"relevancia","falso") -> falso
B59: 6.18 | C59: =VLOOKUP(B59,'ANEXO VI'!A:AG,2,FALSE) -> 01.001.0248-A | D59: =(VLOOKUP(B59,'ANEXO VI'!A:AG,4,FALSE)) -> CONTROLE TECNOLOGICO DE OBRAS,CONSIDERANDO APENAS O CONTROLEDAS ARMADURAS,CONSTANDO DE COLETA DE CORPOS DE PROVA,TRANSPORTE ATE 100KM,ENSAIO DE DOBRAMENTO E DE TRACAO SIMPLES,MEDIDO POR TONELADA DE ACO GEOMETRICAMENTE NECESSARIO | E59: =VLOOKUP(C59,emop,3,FALSE) -> T | F59: =VLOOKUP(B59,'ANEXO VI'!A:AG,3,FALSE) -> 2.65 | G59: =VLOOKUP(C59,EMOP0522!A:B,2,FALSE)*1.25 -> 201.575 | H59: =G59*F59 -> 534.17375 | T59: =H59/$G$160 -> 0.00015603111 | U59: =IF(T59>=4%,"relevancia","falso") -> falso
B60: 6.19 | C60: =VLOOKUP(B60,'ANEXO VI'!A:AG,2,FALSE) -> 10.012.0150-A | D60: =(VLOOKUP(B60,'ANEXO VI'!A:AG,4,FALSE)) -> ARRASAMENTO DE ESTACA RAIZ DE 4" A 6" DE DIAMETRO | E60: =VLOOKUP(C60,emop,3,FALSE) -> UN | F60: =VLOOKUP(B60,'ANEXO VI'!A:AG,3,FALSE) -> 40 | G60: =VLOOKUP(C60,EMOP0522!A:B,2,FALSE)*1.25 -> 174.3375 | H60: =G60*F60 -> 6973.5 | T60: =H60/$G$160 -> 0.0020369458 | U60: =IF(T60>=4%,"relevancia","falso") -> falso
F61: Total da Drenagem | G61: =SUM(H42:H60) -> 430141.57 | U61: =IF(T61>=4%,"relevancia","falso") -> falso
C62: 7 | D62: DRENOS | U62: =IF(T62>=4%,"relevancia","falso") -> falso
B63: 7.1 | C63: =VLOOKUP(B63,'ANEXO VI'!A:AG,2,FALSE) -> 06.082.0055-A | D63: =(VLOOKUP(B63,'ANEXO VI'!A:AG,4,FALSE)) -> DRENO OU BARBACA EM TUBO DE PVC,DIAMETRO DE 4",INCLUSIVE FORNECIMENTO DO TUBO E MATERIAL DRENANTE | E63: =VLOOKUP(C63,emop,3,FALSE) -> M | F63: =VLOOKUP(B63,'ANEXO VI'!A:AG,3,FALSE) -> 25.2 | G63: =VLOOKUP(C63,EMOP0522!A:B,2,FALSE)*1.25 -> 32.325 | H63: =G63*F63 -> 814.59 | T63: =H63/$G$160 -> 0.00023794015 | U63: =IF(T63>=4%,"relevancia","falso") -> falso
B64: 7.2 | C64: =VLOOKUP(B64,'ANEXO VI'!A:AG,2,FALSE) -> 06.082.0010-A | D64: =(VLOOKUP(B64,'ANEXO VI'!A:AG,4,FALSE)) -> DRENO PROFUNDO EM TUBO PLASTICO PERFURADO,2" DE DIAMETRO,INCLUSIVE TELA DE NYLON E FORNECIMENTO DOS MATERIAIS,EXCLUSIVEPERFURACAO DO TERRENO | E64: =VLOOKUP(C64,emop,3,FALSE) -> M | F64: =VLOOKUP(B64,'ANEXO VI'!A:AG,3,FALSE) -> 160 | G64: =VLOOKUP(C64,EMOP0522!A:B,2,FALSE)*1.25 -> 32.6875 | H64: =G64*F64 -> 5230 | T64: =H64/$G$160 -> 0.0015276728 | U64: =IF(T64>=4%,"relevancia","falso") -> falso
F65: Total do Drenos: | G65: =SUM(H63:H64) -> 6044.59 | U65: =IF(T65>=4%,"relevancia","falso") -> falso
C66: 8 | D66: CORTINA ATIRANTADA | U66: =IF(T66>=4%,"relevancia","falso") -> falso
B67: 8.1 | C67: =VLOOKUP(B67,'ANEXO VI'!A:AG,2,FALSE) -> 01.002.0028-A | D67: =(VLOOKUP(B67,'ANEXO VI'!A:AG,4,FALSE)) -> PERFURACAO ROTATIVA COM COROA DE WIDIA,EM SOLO,DIAMETRO H,HORIZONTAL,INCLUSIVE DESLOCAMENTO DENTRO DO CANTEIRO E INSTALACAO DA SONDA EM CADA FURO | E67: =VLOOKUP(C67,emop,3,FALSE) -> M | F67: =VLOOKUP(B67,'ANEXO VI'!A:AG,3,FALSE) -> 444 | G67: =VLOOKUP(C67,EMOP0522!A:B,2,FALSE)*1.25 -> 215.1875 | H67: =G67*F67 -> 95543.25 | T67: =H67/$G$160 -> 0.027907997 | U67: =IF(T67>=4%,"relevancia","falso") -> falso
B68: 8.2 | C68: =VLOOKUP(B68,'ANEXO VI'!A:AG,2,FALSE) -> 01.004.0025-A | D68: =(VLOOKUP(B68,'ANEXO VI'!A:AG,4,FALSE)) -> PERFURACAO ROTATIVA COM COROA DE DIAMANTE,EM ALTERACAO DE ROCHA,DIAMETRO HWG(100MM),INCLUSIVE DESLOCAMENTO DENTRO DO CANTEIRO E INSTALACAO DA SONDA EM CADA FURO | E68: =VLOOKUP(C68,emop,3,FALSE) -> M | F68: =VLOOKUP(B68,'ANEXO VI'!A:AG,3,FALSE) -> 244 | G68: =VLOOKUP(C68,EMOP0522!A:B,2,FALSE)*1.25 -> 557.35 | H68: =G68*F68 -> 135993.4 | T68: =H68/$G$160 -> 0.039723407 | U68: =IF(T68>=4%,"relevancia","falso") -> falso
B69: 8.3 | C69: =VLOOKUP(B69,'ANEXO VI'!A:AG,2,FALSE) -> 01.004.0043-A | D69: =(VLOOKUP(B69,'ANEXO VI'!A:AG,4,FALSE)) -> PERFURACAO ROTATIVA COM COROA DE DIAMANTE,EM ROCHA SA,DIAMETRO HWG(100MM),INCLUSIVE DESLOCAMENTO DENTRO DO CANTEIRO E INSTALACAO DA SONDA EM CADA FURO | E69: =VLOOKUP(C69,emop,3,FALSE) -> M | F69: =VLOOKUP(B69,'ANEXO VI'!A:AG,3,FALSE) -> 152 | G69: =VLOOKUP(C69,EMOP0522!A:B,2,FALSE)*1.25 -> 1038.025 | H69: =G69*F69 -> 157779.8 | T69: =H69/$G$160 -> 0.046087172 | U69: =IF(T69>=4%,"relevancia","falso") -> relevancia | X69: =75/F69 -> 0.49342105
B70: 8.4 | C70: =VLOOKUP(B70,'ANEXO VI'!A:AG,2,FALSE) -> 01.002.0042-A | D70: =(VLOOKUP(B70,'ANEXO VI'!A:AG,4,FALSE)) -> PERFURACAO ROTATIVA COM COROA DE WIDIA,EM SOLO,DIAMETRO 8",VERTICAL,INCLUSIVE DESLOCAMENTO DENTRO DO CANTEIRO E INSTALACAO DA SONDA EM CADA FURO | E70: =VLOOKUP(C70,emop,3,FALSE) -> M | F70: =VLOOKUP(B70,'ANEXO VI'!A:AG,3,FALSE) -> 180 | G70: =VLOOKUP(C70,EMOP0522!A:B,2,FALSE)*1.25 -> 245.9125 | H70: =G70*F70 -> 44264.25 | T70: =H70/$G$160 -> 0.012929501 | U70: =IF(T70>=4%,"relevancia","falso") -> falso
B71: 8.5 | C71: =VLOOKUP(B71,'ANEXO VI'!A:AG,2,FALSE) -> 01.002.0081-A | D71: =(VLOOKUP(B71,'ANEXO VI'!A:AG,4,FALSE)) -> PERFURACAO ROTATIVA COM COROA DE WIDIA,EM ROCHA SA,DIAMETRO8",VERTICAL,INCLUSIVE DESLOCAMENTO DENTRO DO CANTEIRO E INSTALACAO DA SONDA EM CADA FURO | E71: =VLOOKUP(C71,emop,3,FALSE) -> M | F71: =VLOOKUP(B71,'ANEXO VI'!A:AG,3,FALSE) -> 72 | G71: =VLOOKUP(C71,EMOP0522!A:B,2,FALSE)*1.25 -> 790.5 | H71: =G71*F71 -> 56916 | T71: =H71/$G$160 -> 0.016625053 | U71: =IF(T71>=4%,"relevancia","falso") -> falso | X71: =X69*F71 -> 35.526316
B72: 8.6 | C72: =VLOOKUP(B72,'ANEXO VI'!A:AG,2,FALSE) -> 03.001.0001-B | D72: =(VLOOKUP(B72,'ANEXO VI'!A:AG,4,FALSE)) -> ESCAVACAO MANUAL DE VALA/CAVA EM MATERIAL DE 1ª CATEGORIA (A(AREIA,ARGILA OU PICARRA),ATE 1,50M DE PROFUNDIDADE,EXCLUSIVE ESCORAMENTO E ESGOTAMENTO | E72: =VLOOKUP(C72,emop,3,FALSE) -> M3 | F72: =VLOOKUP(B72,'ANEXO VI'!A:AG,3,FALSE) -> 109.5 | G72: =VLOOKUP(C72,EMOP0522!A:B,2,FALSE)*1.25 -> 66.5375 | H72: =G72*F72 -> 7285.8562 | T72: =H72/$G$160 -> 0.0021281844 | U72: =IF(T72>=4%,"relevancia","falso") -> falso
B73: 8.7 | C73: =VLOOKUP(B73,'ANEXO VI'!A:AG,2,FALSE) -> 03.001.0002-B | D73: =(VLOOKUP(B73,'ANEXO VI'!A:AG,4,FALSE)) -> ESCAVACAO MANUAL DE VALA/CAVA EM MATERIAL DE 1ª CATEGORIA (AREIA,ARGILA OU PICARRA),ENTRE 1,50 E 3,00M DE PROFUNDIDADE,EXCLUSIVE ESCORAMENTO E ESGOTAMENTO | E73: =VLOOKUP(C73,emop,3,FALSE) -> M3 | F73: =VLOOKUP(B73,'ANEXO VI'!A:AG,3,FALSE) -> 111 | G73: =VLOOKUP(C73,EMOP0522!A:B,2,FALSE)*1.25 -> 84.15 | H73: =G73*F73 -> 9340.65 | T73: =H73/$G$160 -> 0.0027283857 | U73: =IF(T73>=4%,"relevancia","falso") -> falso
B74: 8.8 | C74: =VLOOKUP(B74,'ANEXO VI'!A:AG,2,FALSE) -> 03.013.0001-B | D74: =(VLOOKUP(B74,'ANEXO VI'!A:AG,4,FALSE)) -> REATERRO DE VALA/CAVA COMPACTADA A MACO,EM CAMADAS DE 30CM DE ESPESSURA MAXIMA,COM MATERIAL DE BOA QUALIDADE,EXCLUSIVEESTE | E74: =VLOOKUP(C74,emop,3,FALSE) -> M3 | F74: =VLOOKUP(B74,'ANEXO VI'!A:AG,3,FALSE) -> 594.0625 | G74: =VLOOKUP(C74,EMOP0522!A:B,2,FALSE)*1.25 -> 41.0875 | H74: =G74*F74 -> 24408.543 | T74: =H74/$G$160 -> 0.0071296878 | U74: =IF(T74>=4%,"relevancia","falso") -> falso
B75: 8.9 | C75: =VLOOKUP(B75,'ANEXO VI'!A:AG,2,FALSE) -> 20.097.0005-A | D75: =(VLOOKUP(B75,'ANEXO VI'!A:AG,4,FALSE)) -> PO-DE-PEDRA, INCLUSIVE TRANSPORTE PARA REGIAO METROPOLITANADO RIO DE JANEIRO.FORNECIMENTO | E75: =VLOOKUP(C75,emop,3,FALSE) -> M3 | F75: =VLOOKUP(B75,'ANEXO VI'!A:AG,3,FALSE) -> 772.28125 | G75: =VLOOKUP(C75,EMOP0522!A:B,2,FALSE)*1.25 -> 117 | H75: =G75*F75 -> 90356.906 | T75: =H75/$G$160 -> 0.026393076 | U75: =IF(T75>=4%,"relevancia","falso") -> falso
B76: 8.10 | C76: =VLOOKUP(B76,'ANEXO VI'!A:AG,2,FALSE) -> 11.025.0012-A | D76: =(VLOOKUP(B76,'ANEXO VI'!A:AG,4,FALSE)) -> CONCRETO BOMBEADO,FCK=30MPA,COMPREENDENDO O FORNECIMENTO DECONCRETO IMPORTADO DE USINA,COLOCACAO NAS FORMAS,ESPALHAMENTO,ADENSAMENTO MECANICO E ACABAMENTO | E76: =VLOOKUP(C76,emop,3,FALSE) -> M3 | F76: =VLOOKUP(B76,'ANEXO VI'!A:AG,3,FALSE) -> 46.775 | G76: =VLOOKUP(C76,EMOP0522!A:B,2,FALSE)*1.25 -> 719.0625 | H76: =G76*F76 -> 33634.148 | T76: =H76/$G$160 -> 0.0098244692 | U76: =IF(T76>=4%,"relevancia","falso") -> falso
B77: 8.11 | C77: =VLOOKUP(B77,'ANEXO VI'!A:AG,2,FALSE) -> 11.005.0015-A | D77: =(VLOOKUP(B77,'ANEXO VI'!A:AG,4,FALSE)) -> FORMAS DE CHAPAS DE MADEIRA COMPENSADA,DE 20MM DE ESPESSURA,PLASTIFICADAS,SERVINDO 2 VEZES,E MADEIRA AUXILIAR SERVINDO 3VEZES,INCLUSIVE FORNECIMENTO E DESMOLDAGEM,EXCLUSIVE ESCORAMENTO | E77: =VLOOKUP(C77,emop,3,FALSE) -> M2 | F77: =VLOOKUP(B77,'ANEXO VI'!A:AG,3,FALSE) -> 327 | G77: =VLOOKUP(C77,EMOP0522!A:B,2,FALSE)*1.25 -> 141.3125 | H77: =G77*F77 -> 46209.188 | T77: =H77/$G$160 -> 0.013497614 | U77: =IF(T77>=4%,"relevancia","falso") -> falso
B78: 8.12 | C78: =VLOOKUP(B78,'ANEXO VI'!A:AG,2,FALSE) -> 11.004.0066-A | D78: =(VLOOKUP(B78,'ANEXO VI'!A:AG,4,FALSE)) -> ESCORAMENTO DE FORMA DE PARAMETROS VERTICAIS,PARA ALTURA ATE1,50M,COM APROVEITAMENTO DE 2 VEZES DA MADEIRA,INCLUSIVE RETIRADA | E78: =VLOOKUP(C78,emop,3,FALSE) -> M2 | F78: =VLOOKUP(B78,'ANEXO VI'!A:AG,3,FALSE) -> 327 | G78: =VLOOKUP(C78,EMOP0522!A:B,2,FALSE)*1.25 -> 39.75 | H78: =G78*F78 -> 12998.25 | T78: =H78/$G$160 -> 0.0037967635 | U78: =IF(T78>=4%,"relevancia","falso") -> falso
B79: 8.13 | C79: =VLOOKUP(B79,'ANEXO VI'!A:AG,2,FALSE) -> 11.004.0070-B | D79: =(VLOOKUP(B79,'ANEXO VI'!A:AG,4,FALSE)) -> ESCORAMENTO DE FORMAS DE PARAMENTOS VERTICAIS,PARA ALTURA DE1,50 A 5,00M,COM APROVEITAMENTO DE 2 VEZES DA MADEIRA,INCLUSIVE RETIRADA | E79: =VLOOKUP(C79,emop,3,FALSE) -> M2 | F79: =VLOOKUP(B79,'ANEXO VI'!A:AG,3,FALSE) -> 315 | G79: =VLOOKUP(C79,EMOP0522!A:B,2,FALSE)*1.25 -> 52.5625 | H79: =G79*F79 -> 16557.188 | T79: =H79/$G$160 -> 0.0048363222 | U79: =IF(T79>=4%,"relevancia","falso") -> falso
B80: 8.14 | C80: =VLOOKUP(B80,'ANEXO VI'!A:AG,2,FALSE) -> 11.047.0015-A | D80: =(VLOOKUP(B80,'ANEXO VI'!A:AG,4,FALSE)) -> TIRANTE PROTENDIDO,PARA CARGA DE TRABALHO ATE 22T,DIAMETRO DE 32MM,INCLUSIVE O FORNECIMENTO DA BARRA,BAINHA,PROTECAO ANTICORROSIVA,PREPARO E COLOCACAO NO FURO,EXCLUSIVE LUVAS,PLACAS,PORCAS E CONTRAPORCAS,ETC,PERFURACAO E INJECAO | E80: =VLOOKUP(C80,emop,3,FALSE) -> M | F80: =VLOOKUP(B80,'ANEXO VI'!A:AG,3,FALSE) -> 714 | G80: =VLOOKUP(C80,EMOP0522!A:B,2,FALSE)*1.25 -> 297.3875 | H80: =G80*F80 -> 212334.67 | T80: =H80/$G$160 -> 0.062022545 | U80: =IF(T80>=4%,"relevancia","falso") -> relevancia | W80: =F80*0.4 -> 285.6
B81: 8.15 | C81: =VLOOKUP(B81,'ANEXO VI'!A:AG,2,FALSE) -> 11.047.0016-A | D81: =(VLOOKUP(B81,'ANEXO VI'!A:AG,4,FALSE)) -> PROTENSAO PARCIAL E FINAL DE TIRANTE (EXCLUSIVE ESTE),PARA CARGA DE TRABALHO DE 22T,DIAMETRO DE 32MM,INCLUSIVE O FORNECIMENTO E INSTALACAO DA PLACA,ANEL DE ANGULO,PORCAS,CONTRAPORCAS,LUVAS,ETC,PINTURA E PROTECAO DA CABECA,EXCLUSIVE PERFURACAO E INJECAO | E81: =VLOOKUP(C81,emop,3,FALSE) -> UN | F81: =VLOOKUP(B81,'ANEXO VI'!A:AG,3,FALSE) -> 34 | G81: =VLOOKUP(C81,EMOP0522!A:B,2,FALSE)*1.25 -> 2046.575 | H81: =G81*F81 -> 69583.55 | T81: =H81/$G$160 -> 0.020325219 | U81: =IF(T81>=4%,"relevancia","falso") -> falso | W81: =286/F80 -> 0.40056022
B82: 8.16 | C82: =VLOOKUP(B82,'ANEXO VI'!A:AG,2,FALSE) -> 07.050.0050-A | D82: =(VLOOKUP(B82,'ANEXO VI'!A:AG,4,FALSE)) -> INJECAO DE CALDA DE CIMENTO,INCLUSIVE FORNECIMENTO DOS MATERIAIS | E82: =VLOOKUP(C82,emop,3,FALSE) -> M3 | F82: =VLOOKUP(B82,'ANEXO VI'!A:AG,3,FALSE) -> 136 | G82: =VLOOKUP(C82,EMOP0522!A:B,2,FALSE)*1.25 -> 1347.775 | H82: =G82*F82 -> 183297.4 | T82: =H82/$G$160 -> 0.053540813 | U82: =IF(T82>=4%,"relevancia","falso") -> relevancia | W82: =78/F82 -> 0.57352941
B83: 8.17 | C83: =VLOOKUP(B83,'ANEXO VI'!A:AG,2,FALSE) -> 10.003.0030-A | D83: =(VLOOKUP(B83,'ANEXO VI'!A:AG,4,FALSE)) -> ESTACA RAIZ COM DIAMETRO DE 8" PARA CARGA DE 50T,INJECAO DEARGAMASSA DE CIMENTO E AREIA,COM 450 A 500KG DE CIMENTO PORM3,INCLUSIVE FORNECIMENTO DOS MATERIAIS(CIMENTO,AREIA E ACO),EXCLUSIVE PERFURACAO | E83: =VLOOKUP(C83,emop,3,FALSE) -> M | F83: =VLOOKUP(B83,'ANEXO VI'!A:AG,3,FALSE) -> 252 | G83: =VLOOKUP(C83,EMOP0522!A:B,2,FALSE)*1.25 -> 191.9125 | H83: =G83*F83 -> 48361.95 | T83: =H83/$G$160 -> 0.014126431 | U83: =IF(T83>=4%,"relevancia","falso") -> falso
B84: 8.18 | C84: =VLOOKUP(B84,'ANEXO VI'!A:AG,2,FALSE) -> 10.012.0155-A | D84: =(VLOOKUP(B84,'ANEXO VI'!A:AG,4,FALSE)) -> ARRASAMENTO DE ESTACA RAIZ DE 8" A 10" DE DIAMETRO | E84: =VLOOKUP(C84,emop,3,FALSE) -> UN | F84: =VLOOKUP(B84,'ANEXO VI'!A:AG,3,FALSE) -> 18 | G84: =VLOOKUP(C84,EMOP0522!A:B,2,FALSE)*1.25 -> 260.15 | H84: =G84*F84 -> 4682.7 | T84: =H84/$G$160 -> 0.0013678075 | U84: =IF(T84>=4%,"relevancia","falso") -> falso
B85: 8.19 | C85: =VLOOKUP(B85,'ANEXO VI'!A:AG,2,FALSE) -> 11.009.0014-B | D85: =(VLOOKUP(B85,'ANEXO VI'!A:AG,4,FALSE)) -> BARRA DE ACO CA-50,COM SALIENCIA OU MOSSA,COEFICIENTE DE CONFORMACAO SUPERFICIAL MINIMO (ADERENCIA) IGUAL A 1,5,DIAMETRODE 8 A 12,5MM,DESTINADA A ARMADURA DE CONCRETO ARMADO,10%DE PERDAS DE PONTAS E ARAME 18.FORNECIMENTO | E85: =VLOOKUP(C85,emop,3,FALSE) -> KG | F85: =VLOOKUP(B85,'ANEXO VI'!A:AG,3,FALSE) -> 5838 | G85: =VLOOKUP(C85,EMOP0522!A:B,2,FALSE)*1.25 -> 10.7875 | H85: =G85*F85 -> 62977.425 | T85: =H85/$G$160 -> 0.018395583 | U85: =IF(T85>=4%,"relevancia","falso") -> falso
B86: 8.20 | C86: =VLOOKUP(B86,'ANEXO VI'!A:AG,2,FALSE) -> 11.009.0013-A | D86: =(VLOOKUP(B86,'ANEXO VI'!A:AG,4,FALSE)) -> BARRA DE ACO CA-50,COM SALIENCIA OU MOSSA,COEFICIENTE DE CONFORMACAO SUPERFICIAL MINIMO (ADERENCIA) IGUAL A 1,5,DIAMETRODE 6,3MM,DESTINADA A ARMADURA DE CONCRETO ARMADO,10% DE PERDAS DE PONTAS E ARAME 18.FORNECIMENTO | E86: =VLOOKUP(C86,emop,3,FALSE) -> KG | F86: =VLOOKUP(B86,'ANEXO VI'!A:AG,3,FALSE) -> 308.7 | G86: =VLOOKUP(C86,EMOP0522!A:B,2,FALSE)*1.25 -> 11.1875 | H86: =G86*F86 -> 3453.5813 | T86: =H86/$G$160 -> 0.0010087844 | U86: =IF(T86>=4%,"relevancia","falso") -> falso
B87: 8.21 | C87: =VLOOKUP(B87,'ANEXO VI'!A:AG,2,FALSE) -> 11.011.0029-A | D87: =(VLOOKUP(B87,'ANEXO VI'!A:AG,4,FALSE)) -> CORTE,DOBRAGEM,MONTAGEM E COLOCACAO DE FERRAGENS NAS FORMAS,ACO CA-50,EM BARRAS REDONDAS,COM DIAMETRO IGUAL A 6,3MM | E87: =VLOOKUP(C87,emop,3,FALSE) -> KG | F87: =VLOOKUP(B87,'ANEXO VI'!A:AG,3,FALSE) -> 308.7 | G87: =VLOOKUP(C87,EMOP0522!A:B,2,FALSE)*1.25 -> 5.5875 | H87: =G87*F87 -> 1724.8613 | T87: =H87/$G$160 -> 0.00050382861 | U87: =IF(T87>=4%,"relevancia","falso") -> falso
B88: 8.22 | C88: =VLOOKUP(B88,'ANEXO VI'!A:AG,2,FALSE) -> 11.011.0030-B | D88: =(VLOOKUP(B88,'ANEXO VI'!A:AG,4,FALSE)) -> CORTE,DOBRAGEM,MONTAGEM E COLOCACAO DE FERRAGENS NAS FORMAS,ACO CA-50,EM BARRAS REDONDAS,COM DIAMETRO DE 8 A 12,5MM | E88: =VLOOKUP(C88,emop,3,FALSE) -> KG | F88: =VLOOKUP(B88,'ANEXO VI'!A:AG,3,FALSE) -> 5838 | G88: =VLOOKUP(C88,EMOP0522!A:B,2,FALSE)*1.25 -> 4.8875 | H88: =G88*F88 -> 28533.225 | T88: =H88/$G$160 -> 0.0083344994 | U88: =IF(T88>=4%,"relevancia","falso") -> falso
B89: 8.23 | C89: =VLOOKUP(B89,'ANEXO VI'!A:AG,2,FALSE) -> 11.003.0001-B | D89: =(VLOOKUP(B89,'ANEXO VI'!A:AG,4,FALSE)) -> CONCRETO DOSADO RACIONALMENTE PARA UMA RESISTENCIA CARACTERISTICA A COMPRESSAO DE 10MPA,INCLUSIVE MATERIAIS,TRANSPORTE,PREPARO COM BETONEIRA,LANCAMENTO E ADENSAMENTO | E89: =VLOOKUP(C89,emop,3,FALSE) -> M3 | F89: =VLOOKUP(B89,'ANEXO VI'!A:AG,3,FALSE) -> 3.65 | G89: =VLOOKUP(C89,EMOP0522!A:B,2,FALSE)*1.25 -> 658.1625 | H89: =G89*F89 -> 2402.2931 | T89: =H89/$G$160 -> 0.00070170514 | U89: =IF(T89>=4%,"relevancia","falso") -> falso
B90: 8.24 | C90: =VLOOKUP(B90,'ANEXO VI'!A:AG,2,FALSE) -> 11.050.0001-B | D90: =(VLOOKUP(B90,'ANEXO VI'!A:AG,4,FALSE)) -> ESCORAMENTO TUBULAR(ALUGUEL)COM TUBOS METALICOS,NA DENSIDADEDE 5,00M DE TUBO EQUIPADO POR M3 DE ESCORAMENTO,PAGO PELO VOLUME DESTE E PELO TEMPO NECESSARIO,DESDE A ENTREGA DO MATERIAL NA OBRA,NA OCASIAO APROPRIADA ATE SUA CARGA,PARA DEVOLUCAO,LOGO QUE DESNECESSARIA | E90: =VLOOKUP(C90,emop,3,FALSE) -> M3XMES | F90: =VLOOKUP(B90,'ANEXO VI'!A:AG,3,FALSE) -> 480 | G90: =VLOOKUP(C90,EMOP0522!A:B,2,FALSE)*1.25 -> 17.6875 | H90: =G90*F90 -> 8490 | T90: =H90/$G$160 -> 0.0024799124 | U90: =IF(T90>=4%,"relevancia","falso") -> falso
B91: 8.25 | C91: =VLOOKUP(B91,'ANEXO VI'!A:AG,2,FALSE) -> 11.055.0001-B | D91: =(VLOOKUP(B91,'ANEXO VI'!A:AG,4,FALSE)) -> MONTAGEM E DESMONTAGEM DE ESCORAMENTO TUBULAR NORMAL,NA DENSIDADE DE 5,00M DE TUBO POR M3 DE ESCORAMENTO,COMPREENDENDO TRANSPORTE DO MATERIAL PARA OBRA E DESTA PARA O DEPOSITO,INCLUSIVE CARGA E DESCARGA.O CUSTO E DADO POR M3 DE ESCORAMENTO,CONTADO DAS SAPATAS ATE AS EXTREMIDADES SUPERIORES DOS TUBOS,SENDO PAGOS 60% NA MONTAGEM E 40% NA DESMONTAGEM | E91: =VLOOKUP(C91,emop,3,FALSE) -> M3 | F91: =VLOOKUP(B91,'ANEXO VI'!A:AG,3,FALSE) -> 120 | G91: =VLOOKUP(C91,EMOP0522!A:B,2,FALSE)*1.25 -> 24.625 | H91: =G91*F91 -> 2955 | T91: =H91/$G$160 -> 0.00086314974 | U91: =IF(T91>=4%,"relevancia","falso") -> falso
B92: 8.26 | C92: =VLOOKUP(B92,'ANEXO VI'!A:AG,2,FALSE) -> 20.092.0001-A | D92: =(VLOOKUP(B92,'ANEXO VI'!A:AG,4,FALSE)) -> AREIA,INCLUSIVE TRANPORTE,PARA REGIAO METROPOLITANA DO RIO DE JANEIRO.FORNECIMENTO | E92: =VLOOKUP(C92,emop,3,FALSE) -> M3 | F92: =VLOOKUP(B92,'ANEXO VI'!A:AG,3,FALSE) -> 9.2 | G92: =VLOOKUP(C92,EMOP0522!A:B,2,FALSE)*1.25 -> 142.1875 | H92: =G92*F92 -> 1308.125 | T92: =H92/$G$160 -> 0.00038210076 | U92: =IF(T92>=4%,"relevancia","falso") -> falso
B93: 8.27 | C93: =VLOOKUP(B93,'ANEXO VI'!A:AG,2,FALSE) -> 04.005.0124-A | D93: =(VLOOKUP(B93,'ANEXO VI'!A:AG,4,FALSE)) -> TRANSPORTE DE CARGA DE QUALQUER NATUREZA,EXCLUSIVE AS DESPESAS DE CARGA E DESCARGA,TANTO DE ESPERA DO CAMINHAO COMO DO SERVENTE OU EQUIPAMENTO AUXILIAR,A VELOCIDADE MEDIA DE 25KM/H,EM CAMINHAO BASCULANTE A OLEO DIESEL,COM CAPACIDADE UTIL DE8T | E93: =VLOOKUP(C93,emop,3,FALSE) -> T X KM | F93: =VLOOKUP(B93,'ANEXO VI'!A:AG,3,FALSE) -> 2220 | G93: =VLOOKUP(C93,EMOP0522!A:B,2,FALSE)*1.25 -> 2.4625 | H93: =G93*F93 -> 5466.75 | T93: =H93/$G$160 -> 0.001596827 | U93: =IF(T93>=4%,"relevancia","falso") -> falso
B94: 8.28 | C94: =VLOOKUP(B94,'ANEXO VI'!A:AG,2,FALSE) -> 04.006.0008-B | D94: =(VLOOKUP(B94,'ANEXO VI'!A:AG,4,FALSE)) -> CARGA MANUAL E DESCARGA MECANICA DE MATERIAL A GRANEL(AGREGADOS,PEDRA-DE-MAO,PARALELOS,TERRA E ESCOMBROS),COMPREENDENDOOS TEMPOS PARA CARGA,DESCARGA E MANOBRAS DO CAMINHAO BASCULANTE A OLEO DIESEL,COM CAPACIDADE UTIL DE 8T,EMPREGANDO 2 SERVENTES NA CARGA | E94: =VLOOKUP(C94,emop,3,FALSE) -> T | F94: =VLOOKUP(B94,'ANEXO VI'!A:AG,3,FALSE) -> 374.85 | G94: =VLOOKUP(C94,EMOP0522!A:B,2,FALSE)*1.25 -> 41.7125 | H94: =G94*F94 -> 15635.931 | T94: =H94/$G$160 -> 0.0045672249 | U94: =IF(T94>=4%,"relevancia","falso") -> falso
... B96: 8.30 | C96: =VLOOKUP(B96,'ANEXO VI'!A:AG,2,FALSE) -> 05.001.0186-A | D96: =(VLOOKUP(B96,'ANEXO VI'!A:AG,4,FALSE)) -> TRANSPORTE DE MATERIAIS ENCOSTA ABAIXO,SERVICO INTEIRAMENTEMANUAL,INCLUSIVE CARGA E DESCARGA | E96: =VLOOKUP(C96,emop,3,FALSE) -> TXM | F96: =VLOOKUP(B96,'ANEXO VI'!A:AG,3,FALSE) -> 14994 | G96: =VLOOKUP(C96,EMOP0522!A:B,2,FALSE)*1.25 -> 1.1625 | H96: =G96*F96 -> 17430.525 | T96: =H96/$G$160 -> 0.0050914224 | U96: =IF(T96>=4%,"relevancia","falso") -> falso
E97: Total de Cortina Atirantada : | G97: =SUM(H67:H96) -> 1410065.7 | J97: =G97+G107+#REF!+#REF! -> #REF! | K97: =J97/G160 -> #REF! | U97: =IF(T97>=4%,"relevancia","falso") -> falso
C98: 9 | D98: SOLO GRAMPEADO | U98: =IF(T98>=4%,"relevancia","falso") -> falso
B99: 9.1 | C99: =VLOOKUP(B99,'ANEXO VI'!A:AG,2,FALSE) -> 06.103.9999-A | D99: =(VLOOKUP(B99,'ANEXO VI'!A:AG,4,FALSE)) -> SOLO ANCORADO COM FORNECIMENTO E INSTALACAO DE CHUMBADORES BIOMANTA ANTIEROSIVA DE FIBRA DE COCO TRIMENSIONAL TIPO TELA SINTEMAX 400TF, FORNECIMENTO, APLICACAO E FIXACAO DE MALHA METALICA DUPLA TORCAO DE ALTA RESISTENCIA. (06.103.9999-A) - Multiplicador: 1.0000 | E99: =VLOOKUP(C99,emop,3,FALSE) -> m² | F99: =VLOOKUP(B99,'ANEXO VI'!A:AG,3,FALSE) -> 151 | G99: =VLOOKUP(C99,EMOP0522!A:B,2,FALSE)*1.25 -> 1162 | H99: =G99*F99 -> 175462 | T99: =H99/$G$160 -> 0.051252108 | U99: =IF(T99>=4%,"relevancia","falso") -> relevancia
B100: 9.2 | C100: =VLOOKUP(B100,'ANEXO VI'!A:AG,2,FALSE) -> 11.020.0007-B | D100: =(VLOOKUP(B100,'ANEXO VI'!A:AG,4,FALSE)) -> TIRANTES PROTENDIDOS DE ACO CA-50,DIAMETRO DE 25MM(7/8"),COMCOMPRIMENTO TOTAL ENTRE 9,00 E 15,00M,INCLUSIVE FORNECIMENTO DE MATERIAIS,PROTECAO ANTICORROSIVA,PREPARO,COLOCACAO E PROTENSAO,EXCLUSIVE PERFURACAO E INJECAO | E100: =VLOOKUP(C100,emop,3,FALSE) -> M | F100: =VLOOKUP(B100,'ANEXO VI'!A:AG,3,FALSE) -> 972 | G100: =VLOOKUP(C100,EMOP0522!A:B,2,FALSE)*1.25 -> 114.4375 | H100: =G100*F100 -> 111233.25 | T100: =H100/$G$160 -> 0.032491015 | U100: =IF(T100>=4%,"relevancia","falso") -> falso
B101: 9.3 | C101: =VLOOKUP(B101,'ANEXO VI'!A:AG,2,FALSE) -> 01.002.0028-A | D101: =(VLOOKUP(B101,'ANEXO VI'!A:AG,4,FALSE)) -> PERFURACAO ROTATIVA COM COROA DE WIDIA,EM SOLO,DIAMETRO H,HORIZONTAL,INCLUSIVE DESLOCAMENTO DENTRO DO CANTEIRO E INSTALACAO DA SONDA EM CADA FURO | E101: =VLOOKUP(C101,emop,3,FALSE) -> M | F101: =VLOOKUP(B101,'ANEXO VI'!A:AG,3,FALSE) -> 612 | G101: =VLOOKUP(C101,EMOP0522!A:B,2,FALSE)*1.25 -> 215.1875 | H101: =G101*F101 -> 131694.75 | T101: =H101/$G$160 -> 0.03846778 | U101: =IF(T101>=4%,"relevancia","falso") -> falso | V101: =T101+T67 -> 0.066375777
B102: 9.4 | C102: =VLOOKUP(B102,'ANEXO VI'!A:AG,2,FALSE) -> 01.004.0025-A | D102: =(VLOOKUP(B102,'ANEXO VI'!A:AG,4,FALSE)) -> PERFURACAO ROTATIVA COM COROA DE DIAMANTE,EM ALTERACAO DE ROCHA,DIAMETRO HWG(100MM),INCLUSIVE DESLOCAMENTO DENTRO DO CANTEIRO E INSTALACAO DA SONDA EM CADA FURO | E102: =VLOOKUP(C102,emop,3,FALSE) -> M | F102: =VLOOKUP(B102,'ANEXO VI'!A:AG,3,FALSE) -> 216 | G102: =VLOOKUP(C102,EMOP0522!A:B,2,FALSE)*1.25 -> 557.35 | H102: =G102*F102 -> 120387.6 | T102: =H102/$G$160 -> 0.035164983 | U102: =IF(T102>=4%,"relevancia","falso") -> falso | V102: =T102+T68 -> 0.07488839
B103: 9.5 | C103: =VLOOKUP(B103,'ANEXO VI'!A:AG,2,FALSE) -> 01.004.0043-A | D103: =(VLOOKUP(B103,'ANEXO VI'!A:AG,4,FALSE)) -> PERFURACAO ROTATIVA COM COROA DE DIAMANTE,EM ROCHA SA,DIAMETRO HWG(100MM),INCLUSIVE DESLOCAMENTO DENTRO DO CANTEIRO E INSTALACAO DA SONDA EM CADA FURO | E103: =VLOOKUP(C103,emop,3,FALSE) -> M | F103: =VLOOKUP(B103,'ANEXO VI'!A:AG,3,FALSE) -> 144 | G103: =VLOOKUP(C103,EMOP0522!A:B,2,FALSE)*1.25 -> 1038.025 | H103: =G103*F103 -> 149475.6 | T103: =H103/$G$160 -> 0.043661531 | U103: =IF(T103>=4%,"relevancia","falso") -> relevancia
B104: 9.6 | C104: =VLOOKUP(B104,'ANEXO VI'!A:AG,2,FALSE) -> 07.050.0050-A | D104: =(VLOOKUP(B104,'ANEXO VI'!A:AG,4,FALSE)) -> INJECAO DE CALDA DE CIMENTO,INCLUSIVE FORNECIMENTO DOS MATERIAIS | E104: =VLOOKUP(C104,emop,3,FALSE) -> M3 | F104: =VLOOKUP(B104,'ANEXO VI'!A:AG,3,FALSE) -> 194.4 | G104: =VLOOKUP(C104,EMOP0522!A:B,2,FALSE)*1.25 -> 1347.775 | H104: =G104*F104 -> 262007.46 | T104: =H104/$G$160 -> 0.076531868 | U104: =IF(T104>=4%,"relevancia","falso") -> relevancia
...

Sheet ANEXO V
C2: PREFEITURA MUNICIPAL DE SÃO GONÇALO
C3: SECRETARIA MUNICIPAL DE DESENVOLVIMENTO URBANO
B7: OBRA: | C7: ='ANEXO III'!D7 -> CONTENÇÃO NA RUA HENRIQUE BENTO ESPINOSA | K7: ='ANEXO III'!H7 -> B.D.I. = 25%
B8: BAIRRO: | C8: PITA | K8: ='ANEXO III'!H8 -> Io = maio/22
B9: ANEXO V - CRONOGRAMA FÍSICO-FINANCEIRO
B10: SERVIÇOS | E10: VALOR DO INVESTIMENTO | G10: 1°MÊS | H10: 2° MÊS | I10: 3°MÊS | J10: 4° MÊS | K10: 5° MÊS | L10: 6°MÊS
A11: =1 -> 1 | B11: ='ANEXO III'!D11 -> SERVIÇOS PRELIMINARES | E11: ='ANEXO III'!G18 -> 32662.35 | F11: 6 meses
F12: =SUM(G12:L12) -> 1 | G12: 0.4 | H12: 0.15 | I12: 0.15 | J12: 0.15 | K12: 0.15
F13: =SUM(G13:L13) -> 32662.35 | G13: =G12*$E$11 -> 13064.94 | H13: =H12*$E$11 -> 4899.3525 | I13: =I12*$E$11 -> 4899.3525 | J13: =J12*$E$11 -> 4899.3525 | K13: =K12*$E$11 -> 4899.3525
A14: =A11+1 -> 2 | B14: ='ANEXO III'!D19 -> TOPOGRAFIA | E14: ='ANEXO III'!G22 -> 8470.2875 | F14: 6 meses
F15: =SUM(G15:L15) -> 1 | G15: 1
F16: =SUM(G16:L16) -> 8470.2875 | G16: =E14*G15 -> 8470.2875
A17: =A14+1 -> 3 | B17: ='ANEXO III'!D23 -> SONDAGEM | E17: ='ANEXO III'!G28 -> 50295.725 | F17: 6 meses
F18: =SUM(G18:L18) -> 1 | G18: 1
F19: =SUM(G19:L19) -> 50295.725 | G19: =G18*E17 -> 50295.725
A20: =A17+1 -> 4 | B20: ='ANEXO III'!D29 -> SINALIZAÇÃO | E20: ='ANEXO III'!G32 -> 3419.025 | F20: 6 meses
F21: =SUM(G21:L21) -> 1 | G21: 0.2 | H21: 0.2 | I21: 0.2 | J21: 0.2 | K21: 0.15 | L21: 0.05
F22: =SUM(G22:L22) -> 3419.025 | G22: =G21*$E$20 -> 683.805 | H22: =H21*$E$20 -> 683.805 | I22: =I21*$E$20 -> 683.805 | J22: =J21*$E$20 -> 683.805 | K22: =K21*$E$20 -> 512.85375 | L22: =L21*$E$20 -> 170.95125
A23: =A20+1 -> 5 | B23: ='ANEXO III'!D33 -> LIMPEZA DO TERRENO | E23: ='ANEXO III'!G40 -> 30378.803 | F23: 6 meses
F24: =SUM(G24:L24) -> 1 | G24: 1
F25: =SUM(G25:L25) -> 30378.803 | G25: =G24*E23 -> 30378.803
A26: =A23+1 -> 6 | B26: SERVIÇOS COMPLEMENTÁRES | E26: ='ANEXO III'!G61 -> 430141.57 | F26: 6 meses
F27: =SUM(G27:L27) -> 1 | G27: 0.1 | H27: 0.2 | I27: 0.2 | J27: 0.35 | K27: 0.15
F28: =SUM(G28:L28) -> 430141.57 | G28: =G27*$E$26 -> 43014.157 | H28: =H27*$E$26 -> 86028.315 | I28: =I27*$E$26 -> 86028.315 | J28: =J27*$E$26 -> 150549.55 | K28: =K27*$E$26 -> 64521.236
A29: =A26+1 -> 7 | B29: ='ANEXO III'!D62 -> DRENOS | E29: ='ANEXO III'!G65 -> 6044.59 | F29: 6 meses
F30: =SUM(G30:L30) -> 1 | H30: 0.5 | I30: 0.5
F31: =SUM(G31:L31) -> 6044.59 | H31: =H30*$E$29 -> 3022.295 | I31: =I30*$E$29 -> 3022.295
A32: =A29+1 -> 8 | B32: ='ANEXO III'!D66 -> CORTINA ATIRANTADA | E32: ='ANEXO III'!G97 -> 1410065.7 | F32: 6 meses
F33: =SUM(G33:L33) -> 1 | H33: 0.25 | I33: 0.3 | J33: 0.3 | K33: 0.15
F34: =SUM(G34:L34) -> 1410065.7 | H34: =H33*$E$32 -> 352516.42 | I34: =I33*$E$32 -> 423019.7 | J34: =J33*$E$32 -> 423019.7 | K34: =K33*$E$32 -> 211509.85
A35: =A32+1 -> 9 | B35: ='ANEXO III'!D98 -> SOLO GRAMPEADO | E35: ='ANEXO III'!G107 -> 1003848.8 | F35: 6 meses
F36: =SUM(G36:L36) -> 1 | H36: 0.2 | I36: 0.4 | J36: 0.3 | K36: 0.1
F37: =SUM(G37:L37) -> 1003848.8 | H37: =H36*$E$35 -> 200769.76 | I37: =I36*$E$35 -> 401539.51 | J37: =J36*$E$35 -> 301154.63 | K37: =K36*$E$35 -> 100384.88
A38: =A23+1 -> 6 | B38: ='ANEXO III'!D108 -> VIGA ESTAQUEADA | E38: ='ANEXO III'!G118 -> 13175.692 | F38: 6 meses
F39: =SUM(G39:L39) -> 1 | I39: 0.5 | J39: 0.5
F40: =SUM(G40:L40) -> 13175.692 | I40: =I39*$E$38 -> 6587.846 | J40: =J39*$E$38 -> 6587.846
A41: =A26+1 -> 7 | B41: ='ANEXO III'!D119 -> PASSEIO E PAVIMENTO | E41: ='ANEXO III'!G135 -> 124755.27 | F41: 6 meses
F42: =SUM(G42:L42) -> 1 | K42: 0.6 | L42: 0.4
F43: =SUM(G43:L43) -> 124755.27 | K43: =K42*E41 -> 74853.164 | L43: =L42*E41 -> 49902.11
A44: =A29+1 -> 8 | B44: ='ANEXO III'!D136 -> MURO DE ALVENARIA EXISTENTE | E44: ='ANEXO III'!G144 -> 16414.838 | F44: 6 meses
F45: =SUM(G45:L45) -> 1 | I45: 0.3 | J45: 0.3 | K45: 0.4
F46: =SUM(G46:L46) -> 16414.838 | I46: =I45*$E$44 -> 4924.4514 | J46: =J45*$E$44 -> 4924.4514 | K46: =K45*$E$44 -> 6565.9353
A47: =A32+1 -> 9 | B47: ='ANEXO III'!D145 -> REMOÇÃO DE ENTULHO | E47: ='ANEXO III'!G151 -> 63066.445 | F47: 6 meses
F48: =SUM(G48:L48) -> 1 | G48: 0.6 | K48: 0.4
F49: =SUM(G49:L49) -> 63066.445 | G49: =G48*$E$47 -> 37839.867 | K49: =K48*$E$47 -> 25226.578
A50: =A35+1 -> 10 | B50: ='ANEXO III'!D152 -> PROJETO EXECUTIVO | E50: ='ANEXO III'!G155 -> 55005.378 | F50: 6 meses
F51: =SUM(G51:L51) -> 1 | G51: 1
F52: =SUM(G52:L52) -> 55005.378 | G52: =G51*E50 -> 55005.378
A53: =A50+1 -> 11 | B53: ='ANEXO III'!D156 -> ADMINISTRAÇÃO LOCAL DA OBRA | E53: ='ANEXO III'!G158 -> 175763.54 | F53: 6 meses
F54: =SUM(G54:L54) -> 1 | G54: 0.2 | H54: 0.2 | I54: 0.2 | J54: 0.2 | K54: 0.1 | L54: 0.1
F55: =SUM(G55:L55) -> 175763.54 | G55: =G54*$E$53 -> 35152.707 | H55: =H54*$E$53 -> 35152.707 | I55: =I54*$E$53 -> 35152.707 | J55: =J54*$E$53 -> 35152.707 | K55: =K54*$E$53 -> 17576.354 | L55: =L54*$E$53 -> 17576.354
B57: VALOR TOTAL: | E57: =SUM(E11:E55) -> 3423508 | F57: =F13+F16+F19+F22+F25+F28+F31+F34+F37+F52+F55+F49+F46+F43+F40 -> 3423508 | G57: =G55+G52+G49+G46+G43+G40+G37+G34+G31+G28+G25+G22+G19+G16+G13 -> 273905.67 | H57: =H55+H52+H49+H46+H43+H40+H37+H34+H31+H28+H25+H22+H19+H16+H13 -> 683072.65 | I57: =I55+I52+I49+I46+I43+I40+I37+I34+I31+I28+I25+I22+I19+I16+I13 -> 965857.98 | J57: =J55+J52+J49+J46+J43+J40+J37+J34+J31+J28+J25+J22+J19+J16+J13 -> 926972.05 | K57: =K55+K52+K49+K46+K43+K40+K37+K34+K31+K28+K25+K22+K19+K16+K13 -> 506050.2 | L57: =L55+L52+L49+L46+L43+L40+L37+L34+L31+L28+L25+L22+L19+L16+L13 -> 67649.414
B58: TOTAL ACUMULADO | G58: =G57 -> 273905.67 | H58: =G58+H57 -> 956978.32 | I58: =H58+I57 -> 1922836.3 | J58: =I58+J57 -> 2849808.3 | K58: =J58+K57 -> 3355858.5 | L58: =K58+L57 -> 3423508
E59: =E57-E53 -> 3247744.4 | G59: =G57/E59 -> 0.0843372 | K59: =K57/F59 -> #DIV/0! | L59: =L57/E59 -> 0.020829661
L60: =L59+#REF!+#REF!+#REF!+G59 -> #REF!

Sheet ANEXO VI
F1: PREFEITURA MUNICIPAL DE SÃO GONÇALO
F2: SECRETARIA MUNICIPAL DE DESENVOLVIMENTO URBANO
F4: OBRA: | G4: ='ANEXO III'!D7 -> CONTENÇÃO NA RUA HENRIQUE BENTO ESPINOSA | AB4: ='ANEXO III'!H7 -> B.D.I. = 25%
F5: BAIRRO: | G5: ='ANEXO III'!D8 -> PITA | AB5: ='ANEXO III'!H8 -> Io = maio/22
E7: RESUMO DOS SERVIÇOS
E9: limpeza do terreno | K9: ==> | L9: =L12+L13 -> 292.25 | M9: m²
E10: ESCADA | K10: ==> | L10: 60 | M10: m²
E11: cortina atirantada | K11: ==> | L11: 157.5 | M11: m²
E12: solo grampeado/concr. projetado | K12: ==> | L12: 141.25 | M12: m²
E13: solo ancorado com biomanta | K13: ==> | L13: 151 | M13: m²
A14: ANEXO VI - MEMÓRIA DE CÁLCULO
D18: 1 - SERVIÇOS PRELIMINARES
A20: 1.1 | B20: =F21 -> 02.006.0015-A | C20: =AD21 -> 6 | D20: =VLOOKUP(F21,emop,2,FALSE) -> ALUGUEL CONTAINER PARA ESCRITORIO C/WC,MEDINDO 2,20M LARGURA,6,20M COMPRIMENTO E 2,50M ALTURA,CHAPAS ACO C/NERVURAS TRAPEZOIDAIS,ISOLAMENTO TERMO-ACUSTICO FORRO,CHASSIS REFORCADO EPISO COMPENSADO NAVAL,INCL.INST.ELETRICA E HIDRO-SANITARIAS,ACESSORIOS,1 VASO SANITARIO E 1 LAVATORIO,EXCL.TRANSP.(VIDEITEM 04.005.0300),CARGA E DESCARGA(VIDE ITEM 04.013.0015)
B21: =F22 -> Escritório | C21: =AD22 -> 0 | E21: Cód.: | F21: 02.006.0015-A | AB21: Total = | AD21: =T22 -> 6 | AG21: =VLOOKUP(F21,emop,3,FALSE) -> UNXMES
B22: =F23 -> 0 | C22: =AD23 -> 0 | F22: Escritório | I22: ==> | K22: 1 | M22: 0 | N22: x | O22: 6 | Q22: meses | S22: = | T22: =O22*K22 -> 6 | V22: =AG21 -> UNXMES
B23: =#REF! -> #REF! | C23: =#REF! -> #REF!
A24: 1.4 | B24: =F25 -> 02.006.0050-A | C24: =AD25 -> 6 | D24: =VLOOKUP(F25,emop,2,FALSE) -> ALUGUEL DE BANHEIRO QUIMICO,PORTATIL,MEDINDO 2,31M ALTURA X1,56M LARGURA E 1,16M PROFUNDIDADE,INCLUSIVE INSTALACAO E RETIRADA DO EQUIPAMENTO,FORNECIMENTO DE QUIMICA DESODORIZANTE,BACTERICIDA E BACTERIOSTATICA,PAPEL HIGIENICO E VEICULO PROPRIO COM UNIDADE MOVEL DE SUCCAO PARA LIMPEZA
B25: =F26 -> sanitários p/ frentes de serviço ==> | C25: =AD26 -> 0 | E25: Cód.: | F25: 02.006.0050-A | AB25: Total = | AD25: =V26 -> 6 | AG25: =VLOOKUP(F25,emop,3,FALSE) -> UNXMES
B26: =F27 -> 0 | C26: =AD27 -> 0 | F26: sanitários p/ frentes de serviço ==> | M26: 1 | O26: 0 | P26: x | Q26: 6 | S26: meses | U26: = | V26: =Q26*M26 -> 6 | X26: =AG25 -> UNXMES
B27: =F28 -> 0 | C27: =AD28 -> 0
A28: 1.5 | B28: =F29 -> 02.015.0001-A | C28: =AD29 -> 1 | D28: =VLOOKUP(F29,emop,2,FALSE) -> INSTALACAO E LIGACAO PROVISORIA PARA ABASTECIMENTO DE AGUA EESGOTAMENTO SANITARIO EM CANTEIRO DE OBRAS,INCLUSIVE ESCAVACAO,EXCLUSIVE REPOSICAO DA PAVIMENTACAO DO LOGRADOURO PUBLICO
B29: =F30 -> 0 | C29: =AD30 -> 0 | E29: Cód.: | F29: 02.015.0001-A | AB29: Total = | AD29: 1 | AG29: =VLOOKUP(F29,emop,3,FALSE) -> UN
B30: =F31 -> 0 | C30: =AD31 -> 0
A31: 1.6 | B31: =F32 -> 02.016.0001-A | C31: =AD32 -> 1 | D31: =VLOOKUP(F32,emop,2,FALSE) -> INSTALACAO E LIGACAO PROVISORIA DE ALIMENTACAO DE ENERGIA ELETRICA,EM BAIXA TENSAO,PARA CANTEIRO DE OBRAS,M3-CHAVE 100A,CARGA 3KW,20CV,EXCLUSIVE O FORNECIMENTO DO MEDIDOR
B32: =F33 -> 0 | C32: =AD33 -> 0 | E32: Cód.: | F32: 02.016.0001-A | AB32: Total = | AD32: 1 | AG32: =VLOOKUP(F32,emop,3,FALSE) -> UN
B33: =F34 -> 0 | C33: =AD34 -> 0
A34: 1.7 | B34: =F35 -> 02.020.0001-A | C34: =AD35 -> 6 | D34: =VLOOKUP(F35,emop,2,FALSE) -> PLACA DE IDENTIFICACAO DE OBRA PUBLICA,INCLUSIVE PINTURA E SUPORTES DE MADEIRA.FORNECIMENTO E COLOCACAO
B35: =F36 -> placas | C35: =AD36 -> 0 | E35: Cód.: | F35: 02.020.0001-A | AB35: Total = | AD35: =Y36 -> 6 | AG35: =VLOOKUP(F35,emop,3,FALSE) -> M2
B36: =F37 -> 0 | C36: =AD37 -> 0 | F36: placas | I36: ==> | M36: 1 | O36: 0 | P36: x | Q36: 2 | S36: m | U36: x | V36: 3 | X36: m = | Y36: =V36*Q36*M36 -> 6 | AA36: =AG35 -> M2
B37: =#REF! -> #REF! | C37: =#REF! -> #REF!
A38: 1.8 | B38: =F39 -> 02.003.0001-B | C38: =AD39 -> 66 | D38: =VLOOKUP(F39,emop,2,FALSE) -> TAPUME DE VEDACAO OU PROTECAO,EXECUTADO COM TABUAS DE MADEIRA DE 3ª DE 1"X9" E 1"X12" PREGADAS EM PECAS DE MADEIRA DE 3ªDE 3"X3" VERTICAIS A CADA 1,50M,EXCLUSIVE PINTURA
B39: =F40 -> tapume | C39: =AD40 -> 0 | E39: Cód.: | F39: 02.003.0001-B | AB39: Total = | AD39: =V41 -> 66 | AG39: =VLOOKUP(F39,emop,3,FALSE) -> M2
B40: =F41 -> tapume | C40: =AD41 -> 0 | F40: tapume | H40: ==> | I40: dimensões do canteiro: | M40: 10 | O40: m | P40: x | Q40: 5 | S40: m
B41: =F42 -> 0 | C41: =AD42 -> 0 | F41: tapume | H41: ==> | I41: 15 | K41: m | L41: x | M41: 2 | O41: lados | P41: x | Q41: 2.2 | S41: m de altura | U41: = | V41: =I41*M41*Q41 -> 66 | X41: =AG39 -> M2
B42: =#REF! -> #REF! | C42: =#REF! -> #REF!
B43: =F44 -> 0 | C43: =AD44 -> 0 | D43: 2 - TOPOGRAFIA
B44: =F45 -> 0 | C44: =AD45 -> 0
A45: 2.1 | B45: =F46 -> 01.016.0070-A | C45: =AD46 -> 20 | D45: =VLOOKUP(F46,emop,2,FALSE) -> MOBILIZACAO E DESMOBILIZACAO DE EQUIPE E EQUIPAMENTO DE TOPOGRAFIA COM DESLOCAMENTO SUPERIOR A 20KM,MEDIDO POR KM EXCEDENTE,A PARTIR DA CIDADE DO RIO DE JANEIRO (KM 0 DA AV.BRASIL)
B46: =F47 -> 0 | C46: =AD47 -> 0 | E46: Cód.: | F46: 01.016.0070-A | AB46: Total = | AD46: 20 | AG46: =VLOOKUP(F46,emop,3,FALSE) -> KM
B47: =F48 -> 0 | C47: =AD48 -> 0
B48: =F49 -> 0 | C48: =AD49 -> 0
A49: 2.2 | B49: =F50 -> 01.016.0080-A | C49: =AD50 -> 1 | D49: =VLOOKUP(F50,emop,2,FALSE) -> LEVANTAMENTO PLANIALTIMETRICO CADASTRAL DE AREA URBANA OU SUBURBANA,DESTINADA A REGULARIZACAO FUNDIARIA,PROJETOS VIARIOSE DE INFRAESTRUTURA,URBANIZACAO E ASSEMELHADOS,UTILIZANDO POLIGONAL III PAC,DESENHO NA ESCALA DE 1:250 A 1:100 EM AREASMEDIANAMENTE OCUPADAS(ATE 50% DAS QUADRAS)ATE 3000M2
B50: =F51 -> 0 | C50: =AD51 -> 0 | E50: Cód.: | F50: 01.016.0080-A | AB50: Total = | AD50: =X51 -> 1 | AG50: =VLOOKUP(F50,emop,3,FALSE) -> UN
B51: =F52 -> 0 | C51: =AD52 -> 0 | P51: 800 | R51: m² | W51: = | X51: 1 | AA51: un
B52: =F53 -> 0 | C52: =AD53 -> 0
B53: =F54 -> 0 | C53: =AD54 -> 0
B54: =F55 -> 0 | C54: =AD55 -> 0 | D54: 3 - SONDAGEM
B55: =F56 -> 0 | C55: =AD56 -> 0
A56: 3.1 | B56: =F57 -> 01.003.0001-A | C56: =AD57 -> 48 | D56: =VLOOKUP(F57,emop,2,FALSE) -> SONDAGEM A PERCUSSAO,EM TERRENO COMUM,COM ENSAIO DE PENETRACAO,DIAMETRO 3",INCLUSIVE DESLOCAMENTO DENTRO DO CANTEIRO E INSTALACAO DA SONDA EM CADA FURO
B57: =F58 -> 1 furo pra cada 200m² até 1200m² | C57: =AD58 -> 0 | E57: Cód.: | F57: 01.003.0001-A | AB57: Total = | AD57: =S58 -> 48 | AG57: =VLOOKUP(F57,emop,3,FALSE) -> M
B58: =F59 -> 0 | C58: =AD59 -> 0 | F58: 1 furo pra cada 200m² até 1200m² | K58: 4 | N58: furos x | P58: 12 | R58: m = | S58: =P58*K58 -> 48 | V58: m
B59: =F60 -> 0 | C59: =AD60 -> 0
A60: 3.2 | B60: =F61 -> 01.004.0004-A | C60: =AD61 -> 20 | D60: =VLOOKUP(F61,emop,2,FALSE) -> SONDAGEM ROTATIVA COM COROA DE DIAMANTE,EM ALTERACAO DE ROCHA,DIAMETRO NWG(75MM),INCLUSIVE DESLOCAMENTO DENTRO DO CANTEIRO E INSTALACAO DA SONDA EM CADA FURO
B61: =F62 -> 1 furo pra cada 200m² até 1200m² | C61: =AD62 -> 0 | E61: Cód.: | F61: 01.004.0004-A | AB61: Total = | AD61: =S62 -> 20 | AG61: =VLOOKUP(F61,emop,3,FALSE) -> M
B62: =F63 -> 0 | C62: =AD63 -> 0 | F62: =F58 -> 1 furo pra cada 200m² até 1200m² | K62: =K58 -> 4 | N62: furos x | P62: 5 | R62: m = | S62: =P62*K62 -> 20 | V62: m
B63: =F64 -> 0 | C63: =AD64 -> 0
A64: 3.3 | B64: =F65 -> 01.004.0015-A | C64: =AD65 -> 20 | D64: =VLOOKUP(F65,emop,2,FALSE) -> SONDAGEM ROTATIVA COM COROA DE DIAMANTE,EM ROCHA SA,DIAMETRONWG(75MM),INCLUSIVE DESLOCAMENTO DENTRO DO CANTEIRO E INSTALACAO DA SONDA EM CADA FURO
B65: =F66 -> 1 furo pra cada 200m² até 1200m² | C65: =AD66 -> 0 | E65: Cód.: | F65: 01.004.0015-A | AB65: Total = | AD65: =S66 -> 20 | AG65: =VLOOKUP(F65,emop,3,FALSE) -> M
B66: =F67 -> 0 | C66: =AD67 -> 0 | F66: 1 furo pra cada 200m² até 1200m² | K66: =K62 -> 4 | N66: furos x | P66: 5 | R66: m = | S66: =P66*K66 -> 20 | V66: m
B67: =F68 -> 0 | C67: =AD68 -> 0
A68: 3.4 | B68: =F69 -> 01.009.0050-A | C68: =AD69 -> 1 | D68: =VLOOKUP(F69,emop,2,FALSE) -> MOBILIZACAO E DESMOBILIZACAO DE EQUIPAMENTO E EQUIPE DE SONDAGEM E PERFURACAO ROTATIVA,COM TRANSPORTE ATE 50KM
B69: =F70 -> 0 | C69: =AD70 -> 0 | E69: Cód.: | F69: 01.009.0050-A | AB69: Total = | AD69: 1 | AG69: =VLOOKUP(F69,emop,3,FALSE) -> UN
B70: =F71 -> 0 | C70: =AD71 -> 0
B71: =F72 -> 0 | C71: =AD72 -> 0
B72: =F73 -> 0 | C72: =AD73 -> 0 | D72: 4 - SINALIZAÇÃO
B73: =F74 -> 0 | C73: =AD74 -> 0
A74: 4.1 | B74: =F75 -> 02.020.0005-A | C74: =AD75 -> 12 | D74: =VLOOKUP(F75,emop,2,FALSE) -> BARRAGEM DE BLOQUEIO DE OBRA NA VIA PUBLICA,DE ACORDO COM ARESOLUCAO DA PREFEITURA-RJ,COMPREENDENDO FORNECIMENTO,COLOCACAO E PINTURA DOS SUPORTES DE MADEIRA COM REAPROVEITAMENTO DO CONJUNTO 40 (QUARENTA) VEZES
B75: =F76 -> 0 | C75: =AD76 -> 0 | E75: Cód.: | F75: 02.020.0005-A | AB75: Total = | AD75: =S79 -> 12 | AG75: =VLOOKUP(F75,emop,3,FALSE) -> M
B76: =F77 -> 0 | C76: =AD77 -> 0
B77: =F78 -> 0 | C77: =AD78 -> 0
B78: =#REF! -> #REF! | C78: =#REF! -> #REF! | I78: ==> | K78: 12 | M78: m | N78: x | O78: 1 | Q78: lados = | S78: =K78*O78 -> 12 | V78: m
B79: =F80 -> 0 | C79: =AD80 -> 0 | Q79: Total = | S79: =SUM(S77:U78) -> 12 | V79: m
B80: =F81 -> 0 | C80: =AD81 -> 0
A81: 4.2 | B81: =F82 -> 02.030.0005-A | C81: =AD82 -> 30 | D81: =VLOOKUP(F82,emop,2,FALSE) -> PLACA DE SINALIZACAO PREVENTIVA PARA OBRA NA VIA PUBLICA,DEACORDO COM A RESOLUCAO DA PREFEITURA-RJ, COMPREENDENDO FORNECIMENTO E PINTURA DA PLACA E DOS SUPORTES DE MADEIRA.FORNECIMENTO E COLOCACAO
B82: =F83 -> 0 | C82: =AD83 -> 0 | E82: Cód.: | F82: 02.030.0005-A | AB82: Total = | AD82: 30 | AG82: =VLOOKUP(F82,emop,3,FALSE) -> UN
B83: =F84 -> 0 | C83: =AD84 -> 0
B84: =F85 -> 0 | C84: =AD85 -> 0
B85: =F86 -> 0 | C85: =AD86 -> 0 | D85: 5 - LIMPEZA DO TERRENO
B86: =F87 -> 0 | C86: =AD87 -> 0
A87: 5.1 | B87: =F88 -> 01.005.0004-A | C87: =AD88 -> 292.25 | D87: =VLOOKUP(F88,emop,2,FALSE) -> PREPARO MANUAL DE TERRENO,COMPREENDENDO ACERTO,RASPAGEM EVENTUAL ATE 0.30M DE PROFUNDIDADE E AFASTAMENTO LATERAL DO MATERIAL EXCEDENTE,INCLUSIVE COMPACTACAO MANUAL
B88: =F89 -> limpeza do terreno | C88: =AD89 -> 0 | E88: Cód.: | F88: 01.005.0004-A | AB88: Total = | AD88: =S89 -> 292.25 | AG88: =VLOOKUP(F88,emop,3,FALSE) -> M2
B89: =F90 -> 0 | C89: =AD90 -> 0 | F89: limpeza do terreno | J89: ==> | K89: =L9 -> 292.25 | N89: m² | O89: x | P89: 1 | R89: = | S89: =K89*P89 -> 292.25 | V89: m²
B90: =F91 -> 0 | C90: =AD91 -> 0
A91: 5.2 | B91: =F92 -> 01.005.0005-A | C91: =AD92 -> 87.675 | D91: =VLOOKUP(F92,emop,2,FALSE) -> ROCADO EM VEGETACAO ESPESSA,COM EMPILHAMENTO LATERAL E QUEIMA DOS RESIDUOS
B92: =F93 -> limpeza do terreno | C92: =AD93 -> 0 | E92: Cód.: | F92: 01.005.0005-A | AB92: Total = | AD92: =R93 -> 87.675 | AG92: =VLOOKUP(F92,emop,3,FALSE) -> M2
B93: =F94 -> 0 | C93: =AD94 -> 0 | F93: limpeza do terreno | J93: ==> | K93: =K89 -> 292.25 | N93: m² | O93: x | P93: 0.3 | Q93: = | R93: =K93*P93 -> 87.675 | T93: m²
B94: =F95 -> 0 | C94: =AD95 -> 0
A95: 5.3 | B95: =F96 -> 04.005.0124-A | C95: =AD96 -> 2979.3477 | D95: =VLOOKUP(F96,emop,2,FALSE) -> TRANSPORTE DE CARGA DE QUALQUER NATUREZA,EXCLUSIVE AS DESPESAS DE CARGA E DESCARGA,TANTO DE ESPERA DO CAMINHAO COMO DO SERVENTE OU EQUIPAMENTO AUXILIAR,A VELOCIDADE MEDIA DE 25KM/H,EM CAMINHAO BASCULANTE A OLEO DIESEL,COM CAPACIDADE UTIL DE8T
B96: =F97 -> limpeza do terreno | C96: =AD97 -> 0 | E96: Cód.: | F96: 04.005.0124-A | AB96: Total = | AD96: =T97 -> 2979.3477 | AG96: =VLOOKUP(F96,emop,3,FALSE) -> T X KM
B97: =F98 -> 0 | C97: =AD98 -> 0 | F97: limpeza do terreno | J97: ==> | K97: =X101 -> 149.0475 | N97: t | O97: x | P97: 19.98925 | R97: km | S97: = | T97: =P97*K97 -> 2979.3477 | W97: t x km
B98: =F99 -> 0 | C98: =AD99 -> 0
A99: 5.4 | B99: =F100 -> 04.006.0008-1 | C99: =AD100 -> 149.0475 | D99: =VLOOKUP(F100,emop,2,FALSE) -> CARGA MANUAL E DESCARGA MECANICA DE MATERIAL A GRANEL(AGREGADOS,PEDRA-DE-MAO,PARALELOS,TERRA E ESCOMBROS),COMPREENDENDOOS TEMPOS PARA CARGA,DESCARGA E MANOBRAS DO CAMINHAO BASCULANTE A OLEO DIESEL,COM CAPACIDADE UTIL DE 8T,EMPREGANDO 2 SERVENTES NA CARGA
B100: =F101 -> limpeza do terreno | C100: =AD101 -> 0 | E100: Cód.: | F100: 04.006.0008-1 | AB100: Total = | AD100: =X101 -> 149.0475 | AG100: =VLOOKUP(F100,emop,3,FALSE) -> T
B101: =F102 -> 0 | C101: =AD102 -> 0 | F101: limpeza do terreno | J101: ==> | K101: =AD88 -> 292.25 | N101: m² | O101: x | P101: 0.3 | R101: m | S101: x | T101: 1.7 | V101: p.e | W101: = | X101: =K101*P101*T101 -> 149.0475 | AA101: t
B102: =F103 -> 0 | C102: =AD103 -> 0
A103: 5.5 | B103: =F104 -> 05.001.0173-A | C103: =AD104 -> 113.9775 | D103: =VLOOKUP(F104,emop,2,FALSE) -> TRANSPORTE HORIZONTAL DE MATERIAL DE 1ªCATEGORIA OU ENTULHO,EM CARRINHOS,A 60,00M DE DISTANCIA,INCLUSIVE CARGA A PA
B104: =F105 -> limpeza do terreno | C104: =AD105 -> 0 | E104: Cód.: | F104: 05.001.0173-A | AB104: Total = | AD104: =X105 -> 113.9775 | AG104: =VLOOKUP(F104,emop,3,FALSE) -> M3
B105: =F106 -> 0 | C105: =AD106 -> 0 | F105: limpeza do terreno | J105: ==> | K105: =AD88 -> 292.25 | N105: m² | O105: x | P105: 0.3 | R105: m | S105: x | T105: 1.3 | V105: emp. | W105: = | X105: =T105*P105*K105 -> 113.9775 | AA105: m³
B106: =F107 -> 0 | C106: =AD107 -> 0
A107: 5.6 | B107: =F108 -> 05.001.0186-A | C107: =AD108 -> 4471.425 | D107: =VLOOKUP(F108,emop,2,FALSE) -> TRANSPORTE DE MATERIAIS ENCOSTA ABAIXO,SERVICO INTEIRAMENTEMANUAL,INCLUSIVE CARGA E DESCARGA
...

Sheet 06.103.9999-A
A1: COMPOSIÇÕES COM PREÇOS DE FEV/2021
A3: CÓDIGO : | B3: 06.103.9999-A | P3: UNIDADE : | R3: m²
A4: NOME : | B4: SOLO ANCORADO COM FORNECIMENTO E INSTALACAO DE CHUMBADORES BIOMANTA ANTIEROSIVA DE FIBRA DE COCO TRIMENSIONAL TIPO TELA SINTEMAX 400TF, FORNECIMENTO, APLICACAO E FIXACAO DE MALHA METALICA DUPLA TORCAO DE ALTA RESISTENCIA. (06.103.9999-A) - Multiplicador: 1.0000
A6: SEQ | B6: NOMENCLATURA | I6: CÓDIGO | K6: UNID | M6: QUANTIDADE | O6: PREÇO | Q6: VALOR
B8: Serviço cotado.
B9: Propostas em anexo.
B10: DATA BASE = SET/2021
B12: DEFLOR | K12: =$R$3 -> m² | M12: 1 | O12: 828 | Q12: =TRUNC(O12*M12,2) -> 828
B13: LESERPA | K13: =$R$3 -> m² | M13: 1 | O13: 912 | Q13: =TRUNC(O13*M13,2) -> 912
B14: ENGETA | K14: =$R$3 -> m² | M14: 1 | O14: 1048.8 | Q14: =TRUNC(O14*M14,2) -> 1048.8
A16: PERCENTUAL/GRUPO 1: | K16: % | M16: 0 | O16: =TRUNC(AVERAGE(Q12:R14),2) -> 929.6 | Q16: =TRUNC((O16*M16)/100,2) -> 0
A19: PERCENTUAL GERAL: | K19: % | M19: 0 | O19: =TRUNC(AVERAGE(Q12:R14),2) -> 929.6 | Q19: =TRUNC((O19*M19)/100,2) -> 0
L23: TOTAL DA COMPOSIÇÃO : | Q23: =TRUNC(AVERAGE(Q12:R14)+Q16+Q19,2) -> 929.6

Sheet ANEXO IV
C2: PREFEITURA MUNICIPAL DE SÃO GONÇALO
C3: SECRETARIA MUNICIPAL DE DESENVOLVIMENTO URBANO
B5: ='ANEXO III'!B5 -> OBRAS DE ESTABILIZAÇÃO DE TALUDES NO MUNICÍPIO DE SÃO GONÇALO - RJ
B8: 01.090.9999-A: ADMINISTRAÇÃO LOCAL DA OBRA | D8: OBRA: | E8: ='ANEXO VI'!G4 -> CONTENÇÃO NA RUA HENRIQUE BENTO ESPINOSA | I8: ='ANEXO III'!H7 -> B.D.I. = 25%
B9: UNIDADE : UN. | D9: BAIRRO: | E9: ='ANEXO VI'!G5 -> PITA | I9: ='ANEXO III'!H8 -> Io = maio/22
B11: ANEXO IV
B12: Código | C12: Descrição | D12: Unid | E12: Meses | F12: Quantidade Operacional | G12: Quantidade | H12: Preço Unitário | I12: Preço Total
C13: MÃO DE OBRA
C14: COORDENAÇÃO
B15: 01.050.0713-A | C15: MAO-DE-OBRA DE ENGENHEIRO OU ARQUITETO, COORDENADOR GERAL DEPROJETOS OU SUPERVISOR DE OBRAS | D15: H | E15: 6 | F15: 0.05 | G15: 1 | H15: =VLOOKUP(B15,EMOP0522!A:B,2,FALSE)*1.25 -> 53361 | I15: =H15*G15*F15*E15 -> 16008.3
B16: 05.105.0139-A | C16: MAO-DE-OBRA DE AUXILIAR DE ESCRITORIO | D16: H | E16: =E15 -> 6 | F16: 1 | G16: 1 | H16: =VLOOKUP(B16,EMOP0522!A:B,2,FALSE)*1.25 -> 4230.6 | I16: =H16*G16*F16*E16 -> 25383.6
C17: EQUIPE DE DESENVOLVIMENTO
B18: 01.050.0716-A | C18: MAO-DE-OBRA DE ENGENHEIRO OU ARQUITETO SENIOR | D18: H | E18: =E16 -> 6 | F18: 0.15 | G18: 1 | H18: =VLOOKUP(B18,EMOP0522!A:B,2,FALSE)*1.25 -> 46400.2 | I18: =H18*G18*F18*E18 -> 41760.18
B19: 05.105.0100-A | C19: MAO-DE-OBRA DE VIGIA | D19: H | E19: =E18 -> 6 | F19: 1 | G19: 1 | H19: =VLOOKUP(B19,EMOP0522!A:B,2,FALSE)*1.25 -> 3522.2 | I19: =H19*G19*F19*E19 -> 21133.2
B20: 05.105.0121-A | C20: MAO-DE-OBRA DE APONTADOR | D20: H | E20: =E19 -> 6 | F20: 1 | G20: 1 | H20: =VLOOKUP(B20,EMOP0522!A:B,2,FALSE)*1.25 -> 5469.2 | I20: =H20*G20*F20*E20 -> 32815.2
B21: 05.105.0126-A | C21: MAO-DE-OBRA DE ENCARREGADO | D21: H | E21: =E20 -> 6 | F21: 1 | G21: 1 | H21: =VLOOKUP(B21,EMOP0522!A:B,2,FALSE)*1.25 -> 6388.8 | I21: =H21*G21*F21*E21 -> 38332.8
C22: EQUIPAMENTOS
B23: 19.001.0038-C | C23: CAMIONETE TIPO PICK-UP C/CABINE E CACAMBA, MOTOR DIESEL 85CV, CAPAC. UTIL DE 4,00M3, INCL. MOTORISTA (CP) | D23: H | E23: =E21 -> 6 | F23: 0.3 | G23: 1 | H23: =VLOOKUP(B23,EMOP0522!A:B,2,FALSE)*1.25 -> 85.575 | I23: =H23*G23*F23*E23 -> 154.035
B24: 19.004.0037-C | C24: VEICULO DE PASSEIO 2 PORTAS, 5 PASSAGEIROS, MOTOR 1.6 A GASOLINA, EXCL. MOTORISTA (CP) | D24: H | E24: =E23 -> 6 | F24: 0.3 | G24: 1 | H24: =VLOOKUP(B24,EMOP0522!A:B,2,FALSE)*1.25 -> 97.9 | I24: =H24*G24*F24*E24 -> 176.22 | L24: ='ANEXO III'!G18+'ANEXO III'!G22+'ANEXO III'!G28+'ANEXO III'!G32+'ANEXO III'!G40+'ANEXO III'!G61+'ANEXO III'!G65+'ANEXO III'!G97+'ANEXO III'!G107+'ANEXO III'!G155 -> 3030332.2
K25: ADMINISTRAÇÃO | L25: 0.0349
B26: TOTAL | I26: =SUM(I15:I25) -> 175763.54 | K26: =#REF! -> #REF!
L27: =L24*L25 -> 105758.59

Sheet EMOP
A1: CODIGO | B1: DESCRIÇÃO | C1: UNID
A2: 01.001.0001-0 | B2: LIMITE DE PLASTICIDADE | C2: UN
A3: 01.001.0001-A | B3: LIMITE DE PLASTICIDADE | C3: UN
A4: 01.001.0002-0 | B4: LIMITE DE LIQUIDEZ | C4: UN
A5: 01.001.0002-A | B5: LIMITE DE LIQUIDEZ | C5: UN
A6: 01.001.0003-0 | B6: LIMITE DE CONTRACAO | C6: UN
A7: 01.001.0003-A | B7: LIMITE DE CONTRACAO | C7: UN
A8: 01.001.0004-0 | B8: ANALISE GRANULOMETRICA SEM SEDIMENTACAO (PENEIRAMENTO) | C8: UN
A9: 01.001.0004-A | B9: ANALISE GRANULOMETRICA SEM SEDIMENTACAO (PENEIRAMENTO) | C9: UN
A10: 01.001.0005-0 | B10: ANALISE GRANULOMETRICA COM SEDIMENTACAO | C10: UN
A11: 01.001.0005-A | B11: ANALISE GRANULOMETRICA COM SEDIMENTACAO | C11: UN
A12: 01.001.0006-0 | B12: MASSA ESPECIFICA REAL | C12: UN
... A1767: 01.050.0751-A | B1767: MAO-DE-OBRA DE ANALISTA AMBIENTAL,PARA SERVICOS DE CONSULTORIA DE ENGENHARIA E ARQUITETURA,INCLUSIVE ENCARGOS SOCIAIS | C1767: MES
A1768: 01.050.9999-0 | B1768: FAMILIA 01.050PROJETOS E CONSULTORIA
A1769: 01.050.9999-A | B1769: FAMILIA 01.050PROJETOS E CONSULTORIA
A1770: 02.001.0001-0 | B1770: TAPUME DE VEDACAO OU PROTECAO,EXECUTADO C/CHAPAS DE MADEIRACOMPENSADA,RESINADA,LISA,DE COLAGEM FENOLICA,A PROVA D`AGUA,COM 2,20X1,10M E 6MM DE ESPESSURA,PREGADAS EM PECAS DE MADEIRA DE 3ª DE 3"X3" HORIZONTAIS E VERTICAIS A CADA 1,22M,EXCLUSIVE PINTURA | C1770: M2
A1771: 02.001.0001-A | B1771: TAPUME DE VEDACAO OU PROTECAO,EXECUTADO C/CHAPAS DE MADEIRACOMPENSADA,RESINADA,LISA,DE COLAGEM FENOLICA,A PROVA D`AGUA,COM 2,20X1,10M E 6MM DE ESPESSURA,PREGADAS EM PECAS DE MADEIRA DE 3ª DE 3"X3" HORIZONTAIS E VERTICAIS A CADA 1,22M,EXCLUSIVE PINTURA | C1771: M2
A1772: 02.001.0002-0 | B1772: TAPUME DE VEDACAO OU PROTECAO,EXECUTADO C/CHAPAS DE MADEIRACOMPENSADA,RESINADA,LISA,DE COLAGEM FENOLICA,A PROVA D`AGUA,COM 2,20X1,10M E 6MM DE ESPESSURA,PREGADAS EM PECAS DE MADEIRA DE 3ª DE 3"X3" HORIZONTAIS E VERTICAIS A CADA 1,22M,EXCLUSIVE PINTURA,COM UTILIZACAO 2 VEZES | C1772: M2
A1773: 02.001.0002-A | B1773: TAPUME DE VEDACAO OU PROTECAO,EXECUTADO C/CHAPAS DE MADEIRACOMPENSADA,RESINADA,LISA,DE COLAGEM FENOLICA,A PROVA D`AGUA,COM 2,20X1,10M E 6MM DE ESPESSURA,PREGADAS EM PECAS DE MADEIRA DE 3ª DE 3"X3" HORIZONTAIS E VERTICAIS A CADA 1,22M,EXCLUSIVE PINTURA,COM UTILIZACAO 2 VEZES | C1773: M2
A1774: 02.001.0003-0 | B1774: TAPUME DE VEDACAO OU PROTECAO,EXECUTADO COM CHAPAS DE MADEIRA COMPENSADA,RESINADA,LISA,DE COLAGEM FENOLICA,A PROVA D'AGUA,COM 2,20X1,10M E 10MM DE ESPESSURA,PREGADAS EM PECAS DE MADEIRA DE 3ª DE 3"X3" HORIZONTAIS E VERTICAIS A CADA 1,22M,EXCLUSIVE PINTURA,COM REAPROVEITAMENTO 10 VEZES DE TODAS AS PECAS DE MADEIRA | C1774: M2
A1775: 02.001.0003-A | B1775: TAPUME DE VEDACAO OU PROTECAO,EXECUTADO COM CHAPAS DE MADEIRA COMPENSADA,RESINADA,LISA,DE COLAGEM FENOLICA,A PROVA D'AGUA,COM 2,20X1,10M E 10MM DE ESPESSURA,PREGADAS EM PECAS DE MADEIRA DE 3ª DE 3"X3" HORIZONTAIS E VERTICAIS A CADA 1,22M,EXCLUSIVE PINTURA,COM REAPROVEITAMENTO 10 VEZES DE TODAS AS PECAS DE MADEIRA | C1775: M2
A1776: 02.002.0005-0 | B1776: TAPUME DE VEDACAO OU PROTECAO,EXECUTADO COM TELHAS TRAPEZOIDAIS DE ACO GALVANIZADO,ESPESSURA DE 0,5MM,ESTAS COM 4 VEZESDE UTILIZACAO,INCLUSIVE ENGRADAMENTO DE MADEIRA,UTILIZADO 2VEZES E PINTURA ESMALTE SINTETICO NA FACE EXTERNA | C1776: M2
A1777: 02.002.0005-A | B1777: TAPUME DE VEDACAO OU PROTECAO,EXECUTADO COM TELHAS TRAPEZOIDAIS DE ACO GALVANIZADO,ESPESSURA DE 0,5MM,ESTAS COM 4 VEZESDE UTILIZACAO,INCLUSIVE ENGRADAMENTO DE MADEIRA,UTILIZADO 2VEZES E PINTURA ESMALTE SINTETICO NA FACE EXTERNA | C1777: M2
A1778: 02.002.0006-0 | B1778: TAPUME DE VEDACAO OU PROTECAO EXECUTADO COM TELHAS TRAPEZOIDAIS DE ACO GALVANIZADO,ESPESSURA DE 0,5MM,ESTAS COM 4 VEZESDE UTILIZACAO,INCLUSIVE ENGRADAMENTO DE MADEIRA,UTILIZADO 2VEZES E PINTURA ESMALTE SINTETICO NAS FACES INTERNA E EXTERNA | C1778: M2
A1779: 02.002.0006-A | B1779: TAPUME DE VEDACAO OU PROTECAO EXECUTADO COM TELHAS TRAPEZOIDAIS DE ACO GALVANIZADO,ESPESSURA DE 0,5MM,ESTAS COM 4 VEZESDE UTILIZACAO,INCLUSIVE ENGRADAMENTO DE MADEIRA,UTILIZADO 2VEZES E PINTURA ESMALTE SINTETICO NAS FACES INTERNA E EXTERNA | C1779: M2
A1780: 02.002.0007-0 | B1780: TAPUME DE VEDACAO OU PROTECAO EXECUTADO COM TELHAS TRAPEZOIDAIS DE ACO GALVANIZADO,ESPESSURA DE 0,5MM,ESTAS COM 4 VEZESDE UTILIZACAO,INCLUSIVE ENGRADAMENTO DE MADEIRA,UTILIZADO 2VEZES,EXCLUSIVE PINTURA | C1780: M2
A1781: 02.002.0007-A | B1781: TAPUME DE VEDACAO OU PROTECAO EXECUTADO COM TELHAS TRAPEZOIDAIS DE ACO GALVANIZADO,ESPESSURA DE 0,5MM,ESTAS COM 4 VEZESDE UTILIZACAO,INCLUSIVE ENGRADAMENTO DE MADEIRA,UTILIZADO 2VEZES,EXCLUSIVE PINTURA | C1781: M2
... A3769: 05.100.0900-A | B3769: UNIDADE REF.P/COMPL.ADM LOCAL,CONSID:CONSUMO AGUA,TEL.ENERGIA ELETRICA,MAT.LIMPEZA E ESCRITORIO,COMPUTADORES,LICENCA OBRA,MOVEIS E UTENSILIOS,AR COND.BEBEDOURO,ART,RRT,FOTOGRAFIASUNIFORMES,DIARIAS,EXAMES ADMISSIONAIS PERIODICOS E DEMISSIONAIS,CURSO CAPACITACAO/TREINAMENTO E ITENS COMPLEMENTEM AS DESP.NECESS.EXCL.DESPESAS SUBSIDIOS ALIM.E TRANSPORTE PESSOAL | C3769: UR
A3770: 05.100.9999-0 | B3770: INDICE GERAL DA CONSTRUCAO CIVIL (PREDIOS PUBLICOS)
A3771: 05.100.9999-A | B3771: INDICE GERAL DA CONSTRUCAO CIVIL (PREDIOS PUBLICOS)
A3772: 05.103.9999-0 | B3772: INDICE GERAL PARA FORNECIMENTO DE MATERIAIS DA CONSTRUCAO CIVIL
A3773: 05.103.9999-A | B3773: INDICE GERAL PARA FORNECIMENTO DE MATERIAIS DA CONSTRUCAO CIVIL
A3774: 05.105.0100-0 | B3774: MAO-DE-OBRA DE VIGIA,INCLUSIVE ENCARGOS SOCIAIS | C3774: MES
A3775: 05.105.0100-A | B3775: MAO-DE-OBRA DE VIGIA,INCLUSIVE ENCARGOS SOCIAIS | C3775: MES
A3776: 05.105.0101-0 | B3776: MAO-DE-OBRA DE MARCENEIRO,INCLUSIVE ENCARGOS SOCIAIS | C3776: MES
A3777: 05.105.0101-A | B3777: MAO-DE-OBRA DE MARCENEIRO,INCLUSIVE ENCARGOS SOCIAIS | C3777: MES
A3778: 05.105.0102-0 | B3778: MAO-DE-OBRA DE SERRALHEIRO DE CONSTRUCAO CIVIL,INCLUSIVE ENCARGOS SOCIAIS | C3778: MES
A3779: 05.105.0102-A | B3779: MAO-DE-OBRA DE SERRALHEIRO DE CONSTRUCAO CIVIL,INCLUSIVE ENCARGOS SOCIAIS | C3779: MES
A3780: 05.105.0103-0 | B3780: MAO-DE-OBRA DE PINTOR,INCLUSIVE ENCARGOS SOCIAIS | C3780: MES
A3781: 05.105.0103-A | B3781: MAO-DE-OBRA DE PINTOR,INCLUSIVE ENCARGOS SOCIAIS | C3781: MES
A3782: 05.105.0104-0 | B3782: MAO-DE-OBRA DE GESSEIRO,INCLUSIVE ENCARGOS SOCIAIS | C3782: MES
A3783: 05.105.0104-A | B3783: MAO-DE-OBRA DE GESSEIRO,INCLUSIVE ENCARGOS SOCIAIS | C3783: MES
A3784: 05.105.0105-0 | B3784: MAO-DE-OBRA DE LADRILHEIRO,INCLUSIVE ENCARGOS SOCIAIS | C3784: MES
A3785: 05.105.0105-A | B3785: MAO-DE-OBRA DE LADRILHEIRO,INCLUSIVE ENCARGOS SOCIAIS | C3785: MES
... A3935: 05.105.0207-A | B3935: SERVICO DE VIGILANCIA COM VIGIA DE OBRA,PARA 4 POSTOS,CONSIDERANDO APENAS O CUSTO APOS A JORNADA NORMAL DE TRABALHO.O CUSTO INCLUI VIGILANCIA AOS SABADOS,DOMINGOS E FERIADOS | C3935: MES
A3936: 05.105.9999-0 | B3936: INDICE DE SALARIO DA CONSTRUCAO CIVIL
A3937: 05.105.9999-A | B3937: INDICE DE SALARIO DA CONSTRUCAO CIVIL
A3938: 05.205.0010-0 | B3938: SERVICO DE VIGILANCIA ARMADA OU DESARMADA 24H/DIA,PARA 1 POSTO | C3938: MES
A3939: 05.205.0010-A | B3939: SERVICO DE VIGILANCIA ARMADA OU DESARMADA 24H/DIA,PARA 1 POSTO | C3939: MES
A3940: 05.205.0011-0 | B3940: SERVICO DE VIGILANCIA ARMADA OU DESARMADA 24H/DIA,PARA 2 POSTOS | C3940: MES
A3941: 05.205.0011-A | B3941: SERVICO DE VIGILANCIA ARMADA OU DESARMADA 24H/DIA,PARA 2 POSTOS | C3941: MES
A3942: 05.205.0012-0 | B3942: SERVICO DE VIGILANCIA ARMADA OU DESARMADA 24H/DIA,PARA 3 POSTOS | C3942: MES
A3943: 05.205.0012-A | B3943: SERVICO DE VIGILANCIA ARMADA OU DESARMADA 24H/DIA,PARA 3 POSTOS | C3943: MES
A3944: 05.205.0013-0 | B3944: SERVICO DE VIGILANCIA ARMADA OU DESARMADA 24H/DIA,PARA 4 POSTOS | C3944: MES
A3945: 05.205.0013-A | B3945: SERVICO DE VIGILANCIA ARMADA OU DESARMADA 24H/DIA,PARA 4 POSTOS | C3945: MES
A3946: 05.205.0015-0 | B3946: SERVICO DE VIGILANCIA ARMADA OU DESARMADA,PARA 1 POSTO,CONSIDERANDO APENAS O CUSTO APOS A JORNADA NORMAL DE TRABALHO.O CUSTO INCLUI VIGILANCIA AOS SABADOS,DOMINGOS E FERIADOS | C3946: MES
A3947: 05.205.0015-A | B3947: SERVICO DE VIGILANCIA ARMADA OU DESARMADA,PARA 1 POSTO,CONSIDERANDO APENAS O CUSTO APOS A JORNADA NORMAL DE TRABALHO.O CUSTO INCLUI VIGILANCIA AOS SABADOS,DOMINGOS E FERIADOS | C3947: MES
A3948: 05.205.0016-0 | B3948: SERVICO DE VIGILANCIA ARMADA OU DESARMADA,PARA 2 POSTOS,CONSIDERANDO APENAS O CUSTO APOS A JORNADA NORMAL DE TRABALHO.O CUSTO INCLUI VIGILANCIA AOS SABADOS,DOMINGOS E FERIADOS | C3948: MES
A3949: 05.205.0016-A | B3949: SERVICO DE VIGILANCIA ARMADA OU DESARMADA,PARA 2 POSTOS,CONSIDERANDO APENAS O CUSTO APOS A JORNADA NORMAL DE TRABALHO.O CUSTO INCLUI VIGILANCIA AOS SABADOS,DOMINGOS E FERIADOS | C3949: MES
... A3953: 05.205.0018-A | B3953: SERVICO DE VIGILANCIA ARMADA OU DESARMADA,PARA 4 POSTOS,CONSIDERANDO APENAS O CUSTO APOS A JORNADA NORMAL DE TRABALHO.O CUSTO INCLUI VIGILANCIA AOS SABADOS,DOMINGOS E FERIADOS | C3953: MES
A3954: 05.205.9999-0 | B3954: INDICE PARA SERVICOS DE SEGURANCA E VIGILANCIA
A3955: 05.205.9999-A | B3955: INDICE PARA SERVICOS DE SEGURANCA E VIGILANCIA
A3956: 06.001.0020-0 | B3956: ASSENTAMEMTO DE TUBOS DE CONCRETO SIMPLES,EXCLUSIVE FORNECIMENTO DESTES,PARA COLETOR DE AGUAS PLUVIAIS,COM DIAMETRO DE 200MM,ATERRO E SOCA ATE A ALTURA DA GERATRIZ SUPERIOR DO TUBO,CONSIDERANDO O MATERIAL DA PROPRIA ESCAVACAO,INCLUSIVE FORNECIMENTO DO MATERIAL PARA REJUNTAMENTO COM ARGAMASSA DE CIMENTO E AREIA,NO TRACO 1:4 E ACERTO DE FUNDO DE VALA | C3956: M
A3957: 06.001.0020-A | B3957: ASSENTAMEMTO DE TUBOS DE CONCRETO SIMPLES,EXCLUSIVE FORNECIMENTO DESTES,PARA COLETOR DE AGUAS PLUVIAIS,COM DIAMETRO DE 200MM,ATERRO E SOCA ATE A ALTURA DA GERATRIZ SUPERIOR DO TUBO,CONSIDERANDO O MATERIAL DA PROPRIA ESCAVACAO,INCLUSIVE FORNECIMENTO DO MATERIAL PARA REJUNTAMENTO COM ARGAMASSA DE CIMENTO E AREIA,NO TRACO 1:4 E ACERTO DE FUNDO DE VALA | C3957: M
A3958: 06.001.0022-0 | B3958: ASSENTAMENTO DE TUBOS DE CONCRETO SIMPLES,EXCLUSIVE FORNECIMENTO DESTES,PARA COLETOR DE AGUAS PLUVIAIS,COM DIAMETRO DE 300MM,ATERRO E SOCA ATE A ALTURA DA GERATRIZ SUPERIOR DO TUBO,CONSIDERANDO O MATERIAL DA PROPRIA ESCAVACAO,INCLUSIVE FORNECIMENTO DO MATERIAL PARA REJUNTAMENTO COM ARGAMASSA DE CIMENTO E AREIA,NO TRACO 1:4 E ACERTO DE FUNDO DE VALA | C3958: M
A3959: 06.001.0022-A | B3959: ASSENTAMENTO DE TUBOS DE CONCRETO SIMPLES,EXCLUSIVE FORNECIMENTO DESTES,PARA COLETOR DE AGUAS PLUVIAIS,COM DIAMETRO DE 300MM,ATERRO E SOCA ATE A ALTURA DA GERATRIZ SUPERIOR DO TUBO,CONSIDERANDO O MATERIAL DA PROPRIA ESCAVACAO,INCLUSIVE FORNECIMENTO DO MATERIAL PARA REJUNTAMENTO COM ARGAMASSA DE CIMENTO E AREIA,NO TRACO 1:4 E ACERTO DE FUNDO DE VALA | C3959: M
A3960: 06.001.0023-0 | B3960: ASSENTAMENTO DE TUBOS DE CONCRETO SIMPLES,EXCLUSIVE FORNECIMENTO DESTES,PARA COLETOR DE AGUAS PLUVIAIS,COM DIAMETRO DE 400MM,ATERRO E SOCA ATE A ALTURA DA GERATRIZ SUPERIOR DO TUBO,CONSIDERANDO O MATERIAL DA PROPRIA ESCAVACAO,INCLUSIVE FORNECIMENTO DO MATERIAL PARA REJUNTAMENTO COM ARGAMASSA DE CIMENTO AREIA,NO TRACO 1:4 E ACERTO DE FUNDO DE VALA | C3960: M
A3961: 06.001.0023-A | B3961: ASSENTAMENTO DE TUBOS DE CONCRETO SIMPLES,EXCLUSIVE FORNECIMENTO DESTES,PARA COLETOR DE AGUAS PLUVIAIS,COM DIAMETRO DE 400MM,ATERRO E SOCA ATE A ALTURA DA GERATRIZ SUPERIOR DO TUBO,CONSIDERANDO O MATERIAL DA PROPRIA ESCAVACAO,INCLUSIVE FORNECIMENTO DO MATERIAL PARA REJUNTAMENTO COM ARGAMASSA DE CIMENTO AREIA,NO TRACO 1:4 E ACERTO DE FUNDO DE VALA | C3961: M
A3962: 06.001.0024-0 | B3962: ASSENTAMENTO DE TUBOS DE CONCRETO SIMPLES,EXCLUSIVE FORNECIMENTO DESTES,PARA COLETOR DE AGUAS PLIVIAIS,COM DIAMETRO DE 500MM,ATERRO E SOCA ATE A ALTURA DA GERATRIZ SUPERIOR DO TUBO,CONSIDERANDO O MATERIAL DA PROPRIA ESCAVACAO,INCLUSIVE FORNECIMENTO DO MATERIAL PARA REJUNTAMENTO COM ARGAMASSA DE CIMENTO E AREIA,NO TRACO 1:4 E ACERTO DE FUNDO DE VALA | C3962: M
A3963: 06.001.0024-A | B3963: ASSENTAMENTO DE TUBOS DE CONCRETO SIMPLES,EXCLUSIVE FORNECIMENTO DESTES,PARA COLETOR DE AGUAS PLIVIAIS,COM DIAMETRO DE 500MM,ATERRO E SOCA ATE A ALTURA DA GERATRIZ SUPERIOR DO TUBO,CONSIDERANDO O MATERIAL DA PROPRIA ESCAVACAO,INCLUSIVE FORNECIMENTO DO MATERIAL PARA REJUNTAMENTO COM ARGAMASSA DE CIMENTO E AREIA,NO TRACO 1:4 E ACERTO DE FUNDO DE VALA | C3963: M
A3964: 06.001.0025-0 | B3964: ASSENTAMENTO DE TUBOS DE CONCRETO SIMPLES,EXCLUSIVE FORNECIMENTO DESTES,PARA COLETOR DE AGUAS PLUVIAIS,COM DIAMETRO DE 600MM,ATERRO E SOCA ATE A ALTURA DA GERATRIZ SUPERIOR DO TUBO,CONSIDERANDO O MATERIAL DA PROPRIA ESCAVACAO,INCLUSIVE FORNECIMENTO DO MATERIAL PARA REJUNTAMENTO COM ARGAMASSA DE CIMENTO E AREIA,NO TRACO 1:4 E ACERTO DE FUNDO DE VALA | C3964: M
A3965: 06.001.0025-A | B3965: ASSENTAMENTO DE TUBOS DE CONCRETO SIMPLES,EXCLUSIVE FORNECIMENTO DESTES,PARA COLETOR DE AGUAS PLUVIAIS,COM DIAMETRO DE 600MM,ATERRO E SOCA ATE A ALTURA DA GERATRIZ SUPERIOR DO TUBO,CONSIDERANDO O MATERIAL DA PROPRIA ESCAVACAO,INCLUSIVE FORNECIMENTO DO MATERIAL PARA REJUNTAMENTO COM ARGAMASSA DE CIMENTO E AREIA,NO TRACO 1:4 E ACERTO DE FUNDO DE VALA | C3965: M
A3966: 06.001.0030-0 | B3966: ASSENTAMENTO DE TUBOS DE CONCRETO ARMADO,EXCLUSIVE.FORN.DESTES,PARA COLETOR DE AGUAS PLUVIAIS,COM DIAMETRO DE 300MM,ATERRO E SOCA ATE A ALTURA DA GERATRIZ SUPERIOR DO TUBO,CONSIDERANDO O MATERIAL DA PROPRIA ESCAVACAO,INCLUSIVE FORNECIMENTODO MATERIAL PARA REJUNTAMENTO COM ARGAMASSA DE CIMENTO E AREIA,NO TRACO 1:4 E ACERTO DE FUNDO DE VALA | C3966: M
A3967: 06.001.0030-A | B3967: ASSENTAMENTO DE TUBOS DE CONCRETO ARMADO,EXCLUSIVE.FORN.DESTES,PARA COLETOR DE AGUAS PLUVIAIS,COM DIAMETRO DE 300MM,ATERRO E SOCA ATE A ALTURA DA GERATRIZ SUPERIOR DO TUBO,CONSIDERANDO O MATERIAL DA PROPRIA ESCAVACAO,INCLUSIVE FORNECIMENTODO MATERIAL PARA REJUNTAMENTO COM ARGAMASSA DE CIMENTO E AREIA,NO TRACO 1:4 E ACERTO DE FUNDO DE VALA | C3967: M
... A23009: 06.105.9999-A | B23009: PLANTIO DE MUDAS DE CAPIM VETIVER, EM TRINCHEIRAS DE 10cm DE LARGURA E 20cm DE PROFUNDIDADE. | C23009: m²

Sheet EMOP0522
A1: 01.001.0001-0 | B1: 182.7
A2: 01.001.0001-A | B2: 168.05
A3: 01.001.0002-0 | B3: 182.7
A4: 01.001.0002-A | B4: 168.05
A5: 01.001.0003-0 | B5: 106.66
A6: 01.001.0003-A | B6: 98.1
A7: 01.001.0004-0 | B7: 206.03
A8: 01.001.0004-A | B8: 189.51
A9: 01.001.0005-0 | B9: 478.27
A10: 01.001.0005-A | B10: 439.91
A11: 01.001.0006-0 | B11: 252.3
A12: 01.001.0006-A | B12: 232.07
... A22792: 59.003.0060-B | B22792: 253.29
A22865: 06.103.9999-A | B22865: ='06.103.9999-A'!Q23 -> 929.6
A22866: 06.105.9999-A | B22866: 31.2
